 Dungeon Crawl Stone Soup version 0.27.1-2-g3b301248ec (webtiles) character file.

Game seed: 8104965151142367249

1254590 Silentstumbler the Petrodigitator (level 27, -23/193 HPs)
             Began as a Gargoyle Earth Elementalist on Sept 27, 2021.
             Was the Champion of Vehumet.
             Killed from afar by Cerebov (39 damage)
             ... with a great blast of fire
             ... in Pandemonium on Sept 28, 2021.
             The game lasted 12:49:07 (112147 turns).

Silentstumbler the Petrodigitator (GrEE)          Turns: 112147, Time: 12:49:08

Health: -23/193    AC: 42    Str: 17    XL:     27
Magic:  4/54       EV: 11    Int: 37    God:    Vehumet [******]
Gold:   10234      SH: 20    Dex:  8    Spells: 7/80 levels left

rFire    + + +     SeeInvis +   i - +3 Elemental Staff {rElec rF++ rC++ Will++ AC+5}
rCold    + + +     Faith    .   g - +2 shield of Resistance {rF++ rC++ Will++}
rNeg     + + +     Spirit   .   W - +2 robe {Archmagi}
rPois    ∞         Reflect  +   r - +2 helmet {Int+3}
rElec    +         Harm     +   w - scarf {harm}
rCorr    +         Rampage  .   b - +2 pair of gloves of Exceptional Joy {+Inv Str+3}
Will     +++++     Archmagi +   B - +2 pair of boots
Stlth    ++........             L - amulet "Roarym" {Reflect Int+4 SH+5}
HPRegen  0.42/turn              P - ring of Pyir {Fire rN+ Int+5 Stlth+}
MPRegen  0.34/turn              v - ring "Hucoj" {rPois rN+ rCorr SInv Stlth-}

@: unable to read, flying, hasted, studying 4 skills, very quick
A: sickness immunity, AC +20, big wings, negative energy resistance 1,
electricity resistance, torment resistance 1, petrification resistance, fangs 2,
clumsy 1, fire resistance 1, weak 1, inability to read while threatened, sturdy
frame 1
}: 13/15 runes: decaying, serpentine, slimy, silver, golden, iron, obsidian,
icy, bone, demonic, glowing, magical, dark
a: Renounce Religion, Evoke Invisibility


You were in Pandemonium.
You worshipped Vehumet.
Vehumet was exalted by your worship.
You visited 17 branches of the dungeon, and saw 82 of its levels.
You visited Pandemonium 1 time, and saw 16 of its levels.
You visited the Abyss 2 times.
You also visited: Trove, Sewer and Ice Cave.

You collected 17463 gold pieces.
You spent 7229 gold pieces at shops.


Innate Abilities, Weirdness & Mutations

You are immune to sickness and miasma.
Your stone body is resilient. (AC +20)
You are immune to poison.
Your large and strong wings let you fly.
You resist negative energy. (rN+)
You are resistant to electric shocks. (rElec)
You are resistant to unholy torment.
You are immune to petrification.
You have extremely sharp teeth.
You are clumsy. (Dex -2)
Your flesh is heat resistant. (rF+)
You are weak. (Str -2)
You sometimes lose the ability to read scrolls when taking damage.
Your movements are slightly less encumbered by armour. (ER -2)


   Skills:
 + Level 25.5 Fighting
 + Level 16.2 Armour
 - Level 1.5 Dodging
 - Level 2.1 Stealth
 - Level 15.0 Shields
 O Level 27 Spellcasting
 O Level 27 Conjurations
 - Level 11.6 Transmutations
 O Level 27 Fire Magic
 O Level 27 Earth Magic
 * Level 18.3 Evocations


You had 7 spell levels left.
You knew the following spells:

 Your Spells              Type           Power      Damage    Failure   Level
a - Passwall              Tmut/Erth      100%       N/A       0%          2
b - Bolt of Magma         Conj/Fire/Erth 100%       4d37      0%          5
c - Lehudib's Crystal Sp  Conj/Erth      90%        10d20     1%          8
e - Swiftness             Air            84%        N/A       1%          3
f - Fire Storm            Conj/Fire      100%       8d25      1%          9
i - Iskenderun's Battles  Conj           100%       2d15      0%          5
l - Lee's Rapid Deconstr  Erth           90%        3d41*     0%          5
n - Apportation           Tloc           100%       N/A       1%          1
p - Spellforged Servitor  Conj/Summ      61%        N/A       1%          7
s - Iron Shot             Conj/Erth      90%        9d16      0%          6
t - Ignition              Fire           100%       3d25      1%          8
v - Borgnjor's Vile Clut  Necr/Erth      73%        N/A       1%          5
S - Shatter               Erth           90%        3d65*     1%          9

Your spell library contained the following spells:

 Spells                   Type           Power      Damage    Failure   Level
 Polar Vortex             Ice            42%        N/A       100%        9
 Beastly Appendage        Tmut           100%       N/A       0%          1
 Foxfire                  Conj/Fire      100%       2x1d9     0%          1
 Magic Dart               Conj           100%       1d8       0%          1
 Sandblast                Erth           100%       2d20      0%          1
 Shock                    Conj/Air       100%       1d9       0%          1
 Searing Ray              Conj           100%       3d7       0%          2
 Static Discharge         Conj/Air       100%       N/A       0%          2
 Wereblood                Tmut           100%       N/A       0%          2
 Conjure Flame            Conj/Fire      100%       6-21      0%          3
 Dazzling Flash           Conj/Hex       100%       N/A       0%          3
 Ignite Poison            Fire/Tmut/Pois 100%       N/A       0%          3
 Inner Flame              Hex/Fire       100%       N/A       0%          3
 Stone Arrow              Conj/Erth      100%       3d13      0%          3
 Animate Armour           Summ/Erth      100%       N/A       0%          4
 Fulminant Prism          Conj/Hex       61%        3d27      0%          4
 Hailstorm                Conj/Ice       100%       3d20      0%          4
 Iskenderun's Mystic Bla  Conj/Tloc      100%       2d19      0%          4
 Leda's Liquefaction      Hex/Erth       73%        N/A       0%          4
 Petrify                  Tmut/Erth      100%       N/A       0%          4
 Sticky Flame             Conj/Fire      100%       2d11      0%          4
 Fireball                 Conj/Fire      100%       3d36      0%          5
 Irradiate                Conj/Tmut      69%        3d36      0%          5
 Orb of Destruction       Conj           77%        9d19      0%          7
 Animate Skeleton         Necr           100%       N/A       1%          1
 Corona                   Hex            73%        N/A       1%          1
 Pain                     Necr           100%       1d9       1%          1
 Sting                    Tmut/Pois      100%       1d8       1%          1
 Blink                    Tloc           N/A        N/A       1%          2
 Call Imp                 Summ           66%        N/A       1%          2
 Corpse Rot               Necr/Air       N/A        N/A       1%          2
 Ensorcelled Hibernation  Hex/Ice        100%       N/A       1%          2
 Poisonous Vapours        Pois/Air       100%       N/A       1%          2
 Slow                     Hex            66%        N/A       1%          2
 Call Canine Familiar     Summ           66%        N/A       1%          3
 Confusing Touch          Hex            66%        N/A       1%          3
 Frozen Ramparts          Ice            100%       1d12      1%          3
 Gell's Gravitas          Tloc           33%        N/A       1%          3
 Lesser Beckoning         Tloc           33%        N/A       1%          3
 Mephitic Cloud           Conj/Pois/Air  100%       N/A       1%          3
 Ozocubu's Armour         Ice            84%        N/A       1%          3
 Portal Projectile        Hex/Tloc       100%       N/A       1%          3
 Spider Form              Tmut/Pois      48%        N/A       1%          3
 Teleport Other           Tloc           66%        N/A       1%          3
 Tukima's Dance           Hex            66%        N/A       1%          3
 Vampiric Draining        Necr           33%        2d10      1%          3
 Airstrike                Air            42%        N/A       1%          4
 Ice Form                 Ice/Tmut       100%       N/A       1%          4
 Olgreb's Toxic Radiance  Pois           66%        N/A       1%          4
 Alistair's Intoxication  Tmut/Pois      64%        N/A       1%          5
 Blade Hands              Tmut           58%        N/A       1%          5
 Freezing Cloud           Conj/Ice/Air   78%        6-21      1%          5
 Lightning Bolt           Conj/Air       73%        1d99      1%          5
 Yara's Violent Unravell  Hex/Tmut       48%        3d19      1%          5
 Conjure Ball Lightning   Conj/Air       73%        3x3d27    1%          6
 Eringya's Noxious Bog    Tmut/Pois      48%        N/A       1%          6
 Dragon Form              Tmut           58%        N/A       2%          7
 Animate Dead             Necr           33%        N/A       3%          4
 Cause Fear               Hex            33%        N/A       3%          4
 Passage of Golubria      Tloc           N/A        N/A       3%          4
 Summon Ice Beast         Ice/Summ       84%        N/A       3%          4
 Summon Lightning Spire   Summ/Air       84%        N/A       3%          4
 Agony                    Necr           66%        N/A       11%         5
 Excruciating Wounds      Necr           33%        N/A       11%         5
 Manifold Assault         Tloc           66%        N/A       11%         5
 Metabolic Englaciation   Hex/Ice        42%        N/A       11%         5
 Silence                  Hex/Air        42%        N/A       11%         5
 Summon Forest            Summ/Tloc      33%        N/A       11%         5
 Summon Mana Viper        Hex/Summ       66%        N/A       11%         5
 Storm Form               Tmut/Air       59%        N/A       30%         7
 Death Channel            Necr           33%        N/A       50%         6
 Dispersal                Tloc           33%        N/A       50%         6
 Invisibility             Hex            33%        N/A       50%         6
 Shadow Creatures         Summ           N/A        N/A       50%         6
 Simulacrum               Ice/Necr       42%        N/A       50%         6
 Ozocubu's Refrigeration  Ice            42%        4d13      58%         7
 Haunt                    Necr/Summ      33%        N/A       97%         7
 Malign Gateway           Summ/Tloc      33%        N/A       97%         7
 Monstrous Menagerie      Summ           33%        N/A       97%         7
 Summon Hydra             Summ           33%        N/A       97%         7
 Chain Lightning          Conj/Air       73%        3d98      36%         9
 Necromutation            Tmut/Necr      48%        N/A       93%         8
 Maxwell's Capacitive Co  Air            42%        ∞         99%         8
 Borgnjor's Revivificati  Necr           33%        N/A       100%        8
 Infestation              Necr           33%        N/A       100%        8
 Summon Horrible Things   Summ           33%        N/A       100%        8
 Dragon's Call            Summ           33%        N/A       100%        9
 Sublimation of Blood     Necr           Unusable   N/A       N/A         2
 Statue Form              Tmut/Erth      Unusable   N/A       N/A         6

Inventory:

Hand Weapons
 i - the +3 Elemental Staff (weapon) {rElec rF++ rC++ Will++ AC+5}
   (You found it on level 5 of the Vaults)

   If the wielder is skilled in Evocations, they can discharge powerful blasts
   of elemental energy when striking with it.
   It enhances your fire, ice, earth and air magic.
   AC:        It affects your AC (+5).
   rF:        It greatly protects you from fire.
   rC:        It greatly protects you from cold.
   rElec:     It insulates you from electricity.
   Will:      It greatly increases your willpower.
Missiles
 x - 106 stones
Armour
 b - the +2 pair of gloves of Exceptional Joy (worn) {+Inv Str+3}
   (You bought it in a shop on level 3 of the Vaults)

   Str:       It affects your strength (+3).
   +Inv:      It lets you turn invisible.
 g - the +2 shield of Resistance (worn) {rF++ rC++ Will++}
   (You took it off a deep elf zephyrmancer on level 3 of the Elven Halls)

   rF:        It greatly protects you from fire.
   rC:        It greatly protects you from cold.
   Will:      It greatly increases your willpower.
 o - the +0 buckler of Maproat {rN+++ rCorr Str-2 SInv}
   (You took it off a cherub in Pandemonium)

   Str:       It affects your strength (-2).
   rN:        It renders you almost immune to negative energy.
   SInv:      It lets you see invisible.
   rCorr:     It protects you from acid and corrosion.
 r - a +2 helmet of intelligence (worn)
 w - a scarf of harm (worn)
 B - a +2 pair of boots (worn)
 W - a +2 robe of the Archmagi (worn)
Jewellery
 f - a ring of protection from fire
 v - the ring "Hucoj" (right hand) {rPois rN+ rCorr SInv Stlth-}
   (You took it off a vampire mage on level 3 of the Crypt)

   [ring of positive energy]

   rPois:     It protects you from poison.
   rN:        It protects you from negative energy.
   SInv:      It lets you see invisible.
   rCorr:     It protects you from acid and corrosion.
   Stlth:     It makes you less stealthy.
 C - a ring of protection from cold
 F - a ring of fire
 K - the ring "Sipruotasa" {Fire Str+3 Dex+3}
   (You took it off Dispater on level 7 of the Iron City of Dis)

   [ring of fire]

   It enhances your fire magic.
   Str:       It affects your strength (+3).
   Dex:       It affects your dexterity (+3).
   rF:        It protects you from fire.
   rC:        It makes you vulnerable to cold.
 L - the amulet "Roarym" (around neck) {Reflect Int+4 SH+5}
   (You took it off a deep elf high priest on level 5 of the Vaults)

   [amulet of reflection]

   It reflects blocked missile attacks.
   Int:       It affects your intelligence (+4).
   SH:        It affects your SH (+5).
 M - a ring of magical power
 N - a ring of positive energy
 P - the ring of Pyir (left hand) {Fire rN+ Int+5 Stlth+}
   (You found it on level 7 of the Iron City of Dis)

   [ring of fire]

   It enhances your fire magic.
   Int:       It affects your intelligence (+5).
   rF:        It protects you from fire.
   rC:        It makes you vulnerable to cold.
   rN:        It protects you from negative energy.
   Stlth:     It makes you more stealthy.
 R - a ring of resist corrosion
 Y - a +4 ring of slaying
Wands
 k - a wand of flame (261)
 Q - a wand of iceblast (51)
 S - a wand of acid (11)
 U - a wand of mindburst (29)
 V - a wand of digging (29)
Scrolls
 c - 2 scrolls of enchant weapon
 j - 44 scrolls of teleportation {@r2}
 l - 7 scrolls of fear
 y - 11 scrolls of identify {@r1}
 z - 8 scrolls of holy word
 A - 3 scrolls of blinking
 E - 8 scrolls of amnesia
 G - 17 scrolls of immolation
 X - 6 scrolls of silence {!r}
Potions
 e - a potion of ambrosia
 m - a potion of haste {@q3}
 n - 3 potions of invisibility
 p - 13 potions of brilliance
 q - 3 potions of heal wounds {@q2}
 s - 9 potions of lignification
 u - 2 potions of mutation
 H - 9 potions of resistance
 I - 10 potions of cancellation
 O - 26 potions of curing {@q1}
Miscellaneous
 a - a phial of floods
 d - a box of beasts
 h - a phantom mirror
 t - a piece from Xom's chessboard (15/15)
 D - the horn of Geryon
 J - a condenser vane (inert)
 T - a lightning rod (4/4) (quivered)

Dungeon Overview and Level Annotations

Branches:
Dungeon (15/15)            Temple (1/1) D:5            Lair (6/6) D:9
  Swamp (4/4) Lair:3        Snake (4/4) Lair:3        Slime (5/5) Lair:6
    Orc (2/2) D:10            Elf (3/3) Orc:2        Vaults (5/5) D:14
  Crypt (3/3) Vaults:2       Tomb (3/3) Crypt:3      Depths (5/5) D:15
   Hell (visited)             Dis (7/7) Hell            Geh (7/7) Hell
    Coc (7/7) Hell            Tar (7/7) Hell            Zot (0/5) Depths:5
  Sewer (visited)           IceCv (visited)

Altars:
Ashenzari
Cheibriados
Dithmenos
Elyvilon
Fedhas
Gozag
Hepliaklqana
Kikubaaqudgha
Makhleb
Nemelex Xobeh
Okawaru
Qazlal
Ru
Sif Muna
Trog
Uskayaw
Vehumet
Wu Jian
Xom
Yredelemnul
Zin
The Shining One
Beogh

Shops:
D:6 *   D:7 :   D:10 :   Orc:1 *   Orc:2 ((!?[   Elf:1 ==(!   Elf:2 (
Elf:3 (![([   Snake:1 =:=   Vaults:1 (   Vaults:3 ((*   Vaults:4 *[[
Depths:1 *   Depths:3 [

Portals:
Hell: Depths:1 Depths:2 Depths:3 Depths:4 Depths:5
Abyss: Depths:3 Depths:4
Pandemonium: Depths:3
Ziggurat: Depths:3

Annotations:
D:6 Duvessa
D:11 TrasureTrove +4 demon whip
Pan Cerebov

▓.▓ .v.v. ▓.○○○▓○°v..... ▓.▓ .v!.
▓v○▓2°○°...... ▓.▓ ▓...
▓v○▓○▓.°....)) ▓.▓ ▓▓'''▓
▓.v▓°v°°v)..). ▓.▓
▓▓....)▓▓▓▓▓&.▓°▓.▓v▓)..[ ▓.▓▓▓
......22.....v▓°.○....▓.▓ ▓...▓
▓▓▓▓▓▓▓▓▓▓▓▓▓▓°▓▓▓▓.▓▓▓.▓
▓▓▓▓'.▓▓▓▓▓▓▓▓▓▓▓▓▓▓▓▓▓▓▓▓▓.▓....
▓...▓...........@..2§&2§2..2▓▓▓.▓
▓.[|▓▓▓▓▓▓▓▓▓▓▓▓▓▓▓▓▓▓▓▓▓▓▓▓▓▓▓.▓
▓...▓ ▓.... ▓▓▓▓▓ ▓.▓.▓ ▓▓▓....
....... ........ ........
........


You could see Cerebov (fast), a balrug (summoned) and a hellion (summoned).


Message History

Aim: Cerebov, wielding the +6 sword of Cerebov {flame} (severely wounded, fast, 100% to hit)
You feel a strong surge of power!
Zombie hands grab Cerebov.
The zombie hands constrict Cerebov, but do no damage.
Cerebov struggles to escape constriction.
The zombie hands constrict Cerebov!
Cerebov escapes!
Cerebov gestures.
You cannot read scrolls in your current state!
You feel much better. The hellion gestures at you.
The sphere of damnation explodes!
The damnation engulfs you!
* * * LOW HITPOINT WARNING * * *
The balrug gestures at you.
The fireball explodes!
The fireball engulfs you. You resist.
* * * LOW HITPOINT WARNING * * *
The hellion gestures at you.
The sphere of damnation explodes!
The damnation engulfs you!!
* * * LOW HITPOINT WARNING * * *
The balrug gestures at you.
The fireball explodes!
The fireball engulfs you! You resist.
* * * LOW HITPOINT WARNING * * *
Casting: Borgnjor's Vile Clutch (safe; 1% risk of failure)
Confirm with . or Enter, or press ? or * to list all spells.
Okay, then.
Clouds of flame condense around you!
The condenser dries out!
The hellion is engulfed in blazing flames.
Cerebov gestures at you.
A raging storm of fire appears!
The great blast of fire engulfs you!! You partially resist.
You die...

Skill      XL: |  1  2  3  4  5  6  7  8  9 10 11 12 13 14 15 16 17 18 19 20 21 22 23 24 25 26 27 |
---------------+----------------------------------------------------------------------------------+-----
Earth Magic    | 4 5 6 7 8 9 10 11 13 14 15 17 18 19 20 21 22 23 24 25 26 27 | 27.0
Spellcasting   | 3 4 5 6 8 9 10 12 13 14 15 16 17 18 19 20 21 27 | 27.0
Conjurations   | 2 3 5 7 9 10 11 12 13 14 15 16 17 18 19 20 21 22 23 27 | 27.0
Fire Magic     | 3 6 8 9 10 27 | 27.0
Armour         | 6 8 16 | 16.2
Shields        | 4 12 15 | 15.0
Fighting       | 5 8 9 25 | 25.5
Transmutations | 2 6 9 10 11 | 11.6
Evocations     | 18 | 18.3
Dodging        | |  1.5
Stealth        | |  2.1

Action                   |  1- 3 |  4- 6 |  7- 9 | 10-12 | 13-15 | 16-18 | 19-21 | 22-24 | 25-27 || total
-------------------------+-------+-------+-------+-------+-------+-------+-------+-------+-------++-------
Melee: Whip              |    35 |   167 |    70 |       |       |       |       |       |       ||   272
       Unarmed           |     3 |       |       |       |       |       |       |       |       ||     3
       Staff             |       |       |    19 |     8 |     9 |       |     8 |     7 |    74 ||   125
       Bite              |       |       |       |       |       |       |     1 |       |       ||     1
Throw: Throwing net      |     1 |       |       |       |       |       |       |       |       ||     1
 Cast: Sandblast         |    18 |    74 |   125 |    71 |    50 |    27 |       |       |       ||   365
       Stone Arrow       |       |       |    36 |    43 |     4 |       |       |       |       ||    83
       Mephitic Cloud    |       |       |     7 |     7 |    28 |     5 |     3 |     1 |       ||    51
       Magic Dart        |       |       |       |   120 |   191 |    35 |     8 |       |     2 ||   356
       Iskenderun's Batt |       |       |       |    38 |    45 |     9 |     2 |       |     1 ||    95
       Bolt of Magma     |       |       |       |    32 |    80 |    10 |     2 |    23 |     8 ||   155
       Lee's Rapid Decon |       |       |       |    15 |   152 |   204 |   444 |   148 |   646 ||  1609
       Iron Shot         |       |       |       |     5 |   102 |   140 |   109 |   178 |  1199 ||  1733
       Fireball          |       |       |       |       |     1 |     4 |       |       |       ||     5
       Shatter           |       |       |       |       |       |       |       |    37 |   268 ||   305
       Fire Storm        |       |       |       |       |       |       |       |       |   337 ||   337
       Lehudib's Crystal |       |       |       |       |       |       |       |       |     6 ||     6
       Spellforged Servi |       |       |       |       |       |       |       |       |     6 ||     6
       Borgnjor's Vile C |       |       |       |       |       |       |       |       |     4 ||     4
       Ignition          |       |       |       |       |       |       |       |       |     3 ||     3
Evoke: Wand              |       |       |     3 |     4 |     5 |     5 |     3 |     2 |    21 ||    43
       Lightning rod     |       |       |       |       |       |       |       |       |     5 ||     5
       Condenser vane    |       |       |       |       |       |       |       |       |     3 ||     3
       Box of beasts     |       |       |       |       |       |       |       |       |     2 ||     2
       Phial of floods   |       |       |       |       |       |       |       |       |     1 ||     1
       Phantom mirror    |       |       |       |       |       |       |       |       |     1 ||     1
  Use: Scroll            |       |     7 |     6 |    15 |    11 |     8 |     8 |    15 |    21 ||    91
       Potion            |       |       |     1 |       |     2 |     6 |     2 |    12 |    61 ||    84
 Stab: Sleeping          |     3 |     3 |     1 |       |       |       |       |       |       ||     7
Armor: Robe              |    22 |   112 |    70 |    64 |    50 |       |       |       |   229 ||   547
       Ring mail         |       |       |       |       |    19 |    81 |    64 |    42 |    72 ||   278
Dodge: Dodged            |    29 |   147 |    88 |    54 |    69 |    34 |    39 |    21 |   188 ||   669
Block: Other             |       |       |       |       |    12 |       |       |       |       ||    12
       Reflection        |       |       |       |       |     5 |     9 |    62 |    22 |    57 ||   155
       Buckler           |       |       |       |       |    18 |    61 |     4 |       |       ||    83
       Kite shield       |       |       |       |       |       |       |   139 |    81 |   543 ||   763

Levels and vault maps discovered:
D:1:      dpeg_arrival_court, layout_basic, minmay_strange_pillars
D:2:      layout_basic, uniq_natasha
D:3:      layout_basic, mainiacjoe_overflow_small_starburst, due_unseen_surprise
D:4:      layout_loops_cross, lemuel_doored_altar, portal_sewer_entry_e
D:5:      layout_rooms, xom_butterflies, amcnicky_altar_gilded,
          minmay_temple_entry_waves, minmay_misc_feat_rugged
D:6:      layout_basic, nicolae_overflow_crystal_walls, serial_shops,
          nicolae_diamond_shop, kennysheep_generic_room_4, uniq_duvessa
D:7:      layout_basic, minmay_overflow_temple_star_quad, serial_shops,
          kennysheep_mini_moat, uniq_menkaure, uniq_pikel, uniq_joseph
D:8:      old_forge, layout_loops_ring, gammafunk_temple_overflow_wave
D:9:      layout_roguey, grunt_lair_entry_orc_guard_hut, minmay_shattered_shrine
D:10:     layout_loops_corners, cheibriados_altar_1,
          mainiacjoe_overflow_concentric_impassable,
          nicolae_hepliaklqana_hippocampus, zombieorc2_lemuel,
          gammafunk_ghost_grave, kennysheep_windowed_goal
D:11:     layout_irregular_city, enter_trove_1, nicolae_tso_swordbearing_angel
D:12:     layout_rooms, minivault_10, st_stairs_8
D:13:     hangedman_cross_cluster, layout_layer_cave
D:14:     layout_roguey, erik_vaults_2, led_sif_book
D:15:     hangedman_depths_entry_try_elsewhere_first, layout_irregular_city,
          minmay_door_square, portal_ice_cave_entry_dragon,
          gammafunk_ghost_smash
Temple:   nicolae_temple_figure_zero
Lair:1:   layout_regular_city
Lair:2:   layout_loops_ring
Lair:3:   layout_gridlike, palyth_hydra_swamp_entry,
          guppyfry_snake_entry_island, lemuel_fruit_fields,
          infiniplex_staircase_pool_2, minmay_lair_oklob_chamber, uniq_snorg
Lair:4:   layout_cave_shapes, serial_rivers, chequers_serial_rivers_large_b,
          chequers_serial_rivers_small_b, chequers_serial_rivers_micro_e,
          chequers_serial_rivers_micro_a, st_stairs_5,
          infiniplex_staircase_pool, uniq_nessos
Lair:5:   layout_long_grid, gammafunk_ghost_hydra_chop, beast_lair_carwin_11,
          uniq_kirke
Lair:6:   minmay_lair_end_enchanted_forest, layout_misc_corridors, slime_dummy,
          ebering_ghost_rock_garden
Swamp:1:  layout_basic_swamp, serial_swamp_ruin, evilmike_swamp_ruin_house_6,
          hangedman_swamp_ruin_wall, evilmike_swamp_ruin_rubble_1, uniq_donald
Swamp:2:  layout_basic_swamp, hangedman_swamp_diagram, uniq_jorgrun
Swamp:3:  layout_basic_swamp, evilmike_swamp_ruin_wall
Swamp:4:  swamp, layout_basic_swamp
Snake:1:  layout_concentric_octagons, special_room, minmay_shop_grove,
          grunt_megastairs_5, uniq_azrael, uniq_aizul, uniq_frances
Snake:2:  layout_onion, basic_altar, nicolae_snake_biting_tails
Snake:3:  layout_chambers
Snake:4:  snake_pit_salamanders_mu, layout_cave_town, serial_bayou_shore_b
Slime:1:  layout_caves
Slime:2:  layout_caves, cheibrodos_slime_lost_civilization_6
Slime:3:  layout_caves
Slime:4:  layout_caves
Slime:5
Orc:1:    layout_diamond_mine, serial_shops, shop_fountains,
          david_defended_altar_orc
Orc:2:    st_orc_pillars, layout_diamond_mine, serial_shops, shop
Elf:1:    minmay_elf_arrival_circle, layout_gridlike,
          kennysheep_underground_church, nicolae_wwwww, minmay_shoptagon,
          uniq_roxanne
Elf:2:    elven_hall_of_blades_hangedman_alternative [nicolae_blade_lattice],
          layout_loops_corners, serial_shops, nicolae_stop_n_shop_2,
          uniq_saint_roka
Elf:3:    grunt_elf_hall_branching, layout_onion_city, serial_shops,
          nicolae_shop_crystal, nicolae_square_shop, nicolae_shop_trees,
          shop_statue, nicolae_shop_behind_doors
Vaults:1: ontoclasm_vaults_gateway, st_greater_box_3, v_rooms_1,
          nicolae_vaults_specimen_jars, hangedman_vaults_corner_blocks,
          v_misc_18, ontoclasm_vaults_tryst, v_misc_28, vaults_mumra_lcd,
          vaults_room_grunt_arrival_ludios,
          vaults_room_grunt_arrival_checkpoint, layout_vaults_omnicross,
          serial_shops, shop
Vaults:2: v_rooms_2, nicolae_vaults_what_the_h, v_alt_pattern_5,
          nicolae_vaults_border_crossing, v_misc_30, blue_anna_dwarven_crypt,
          nicolae_vaults_triangles, ontoclasm_vaults_decontamination,
          layout_vaults_quadrants, uniq_margery, uniq_bai_suzhen, uniq_jory
Vaults:3: st_greater_box_4, v_pattern_5, hangedman_vaults_nodes,
          ontoclasm_vaults_ligature, v_misc_2, v_misc_13, v_misc_14,
          nicolae_vaults_big_ls, hangedman_vaults_cutoff, vaults_dpeg_hooks,
          vaults_room_pools, v_misc_27, layout_vaults_maze_bifur, serial_glass,
          serial_shops, nicolae_shop_statue_plus, nicolae_shop_crystal,
          shop_statue
Vaults:4: v_alt_pattern_4, vaults_room_door_ring, v_misc_2,
          ontoclasm_vaults_twist, v_misc_1, v_misc_27,
          nicolae_vaults_twisting_passages, nicolae_vaults_holding_cells,
          v_misc_25, nicolae_vaults_network_s, v_misc_11, layout_vaults_ring,
          serial_shops, shop, shop_statue, shop, uniq_boris
Vaults:5
Crypt:1:  layout_rooms, hex_tiny, grunt_crypt_arrival_webbed
Crypt:2:  layout_misc_corridors, grunt_megastairs_3
Crypt:3:  lightli_unholy_cathedral, layout_chaotic_city,
          tomb_entry_shell_bobbens, palyth_stone_intersect
Tomb:1
Tomb:2
Tomb:3
Depths:1: layout_gridville, serial_sigils_hangedman_stare,
          grunt_hell_entry_dis_mu, grunt_decor_resistance,
          nicolae_transmutations_shop, minmay_fire_ice_demons
Depths:2: hangedman_slaughterboxes, hell_entry, uniq_asterion
Depths:3: nzn_winding_woodlands_cross [nzn_winding_woodlands_5x15_longhouse,
          nzn_winding_woodlands_5x15_pool, nzn_winding_woodlands_5x15_crooked,
          nzn_winding_woodlands_5x15_sidewinder,
          nzn_winding_woodlands_15x15_five_gardens], layout_gridville,
          enter_ziggurat_e, abyss_entry, minmay_misc_feat_room,
          grunt_mini_vestibule, grunt_pan_entry_in_and_out, serial_shops, shop,
          minmay_staircase_bubble
Depths:4: hangedman_cross_veins, layout_honeycomb, marbit_kobold_abyss_entry,
          hangedman_tar_grid_catacomb, chequers_serial_rivers_room_b,
          hangedman_abyss_or_decor_stagger, serial_bayou_shore_a,
          infiniplex_staircase_spiral
Depths:5: grunt_crosshair, layout_gridlike, patterned_corridor, hellmouth_1
Hell
Dis:1:    layout_chaotic_city
Dis:2:    layout_regular_city
Dis:3:    hangedman_iron_city_apartments, layout_overlapping_boxes
Dis:4:    layout_gridville
Dis:5:    layout_jigsaw, door_vault
Dis:6:    layout_regular_city
Dis:7:    dis_st
Geh:1:    layout_gehenna_pools_triple
Geh:2:    layout_gehenna_lava_caves
Geh:3:    layout_gehenna_pools_basic, hangedman_elemental_corridor
Geh:5:    layout_gehenna_pools_box
Geh:6:    layout_gehenna_pools_basic, lemuel_flamethrower_3
Geh:7:    geh_grunt
Coc:1:    layout_ice_bergs
Coc:2:    layout_cocytus_water_paths
Coc:3:    layout_ice_bergs
Coc:4:    layout_cocytus_delve, evilmike_ambush [evilmike_ambush_outer_corners,
          evilmike_ambush_inner_basic]
Coc:5:    layout_ice_bergs
Coc:6:    layout_cocytus_water_paths
Coc:7:    coc_old
Tar:1:    grunt_deathspiral_small, layout_cathedral_of_symmetry
Tar:2:    layout_cathedral_of_symmetry, lemuel_nasty_fountain
Tar:3:    layout_cathedral_of_symmetry, nicolae_tar_cuneiform_city
Tar:6:    regret_index_dithmenos_brocken_genspenst, layout_honeycomb,
          grunt_tartarus_stairs_gauntlet_trap
Tar:7:    tar_old
Pan:      rand_demon_4, layout_grid_shapes, pan_blood_fountain_2,
          lemuel_hellion_island, layout_irregular_city, uniq_mennas_pan,
          evilmike_holy_pan, regret_index_pan_draining_boxed, layout_onion_city,
          evilmike_gloorx_vloq_box, layout_pan_divisions_b
          [pan_division_quadrant_b1, pan_division_quadrant_b1,
          pan_division_quadrant_b6, pan_division_quadrant_b6],
          nicolae_pan_sigil_nadil, nicolae_pan_sick_transit,
          nicolae_pan_mnolegish_3, evilmike_mini_pan_doors_b, layout_long_grid,
          lom_lobon_st, layout_pan_divisions_a [pan_division_quadrant_a2,
          pan_division_quadrant_a3, pan_division_quadrant_a1,
          pan_division_quadrant_a4, pan_division_octagon_box], rand_demon_8,
          layout_stronghold, pan_blood_fountain, rand_demon_9, layout_gridlike,
          evilmike_mini_pan_diamond, layout_grid_shapes,
          evilmike_mini_pan_pillars_b, layout_irregular_city,
          nicolae_pan_sigil_eeng, evilmike_mini_pan_corner, layout_grid_shapes,
          grunt_pan_zigzag, layout_stronghold, nicolae_pan_cerebovesque_4,
          grunt_pan_sceptre, layout_grid_shapes, mnoleg_st, layout_stronghold,
          cerebov_st, layout_basic

Notes
Turn   | Place    | Note
-------+----------+-------------------------------------------
     0 | D:1      | Silentstumbler the Gargoyle Earth Elementalist began the
                  | quest for the Orb.
     0 | D:1      | Reached XP level 1. HP: 10/10 MP: 3/3
   576 | D:1      | Reached XP level 2. HP: 15/15 MP: 5/5
  1369 | D:2      | Reached skill level 4 in Earth Magic
  1497 | D:2      | Reached skill level 3 in Spellcasting
  1497 | D:2      | Reached XP level 3. HP: 19/19 MP: 3/7
  1891 | D:2      | Learned a level 3 spell: Stone Arrow
  1936 | D:2      | Reached XP level 4. HP: 19/24 MP: 9/9
  2018 | D:2      | Noticed Natasha
  2047 | D:2      | Killed Natasha
  2048 | D:2      | Reached skill level 1 in Conjurations
  2485 | D:2      | Identified a scroll of acquirement
  2487 | D:2      | Acquired a Trismegistus Codex
  2493 | D:2      | Learned a level 3 spell: Mephitic Cloud
  2748 | D:3      | Noticed a necrophage
  2755 | D:3      | Killed a necrophage
  2756 | D:3      | Reached skill level 4 in Spellcasting
  2756 | D:3      | Reached skill level 2 in Conjurations
  2756 | D:3      | Reached XP level 5. HP: 20/28 MP: 6/11
  2986 | D:3      | Found an iron altar of Okawaru.
  3258 | D:3      | Reached skill level 5 in Earth Magic
  3258 | D:3      | Reached XP level 6. HP: 30/32 MP: 10/12
  3571 | D:3      | Reached skill level 3 in Conjurations
  4548 | D:4      | Found a glowing drain.
  4567 | Sewer    | Entered a sewer
  5206 | Sewer    | Reached XP level 7. HP: 29/36 MP: 10/14
  5249 | Sewer    | Reached skill level 5 in Spellcasting
  5249 | Sewer    | Reached skill level 4 in Conjurations
  5726 | D:4      | Found a bloodstained altar of Trog.
  5980 | D:5      | Entered Level 5 of the Dungeon
  5980 | D:5      | Found a shimmering altar of Xom.
  6159 | D:5      | Reached skill level 5 in Conjurations
  6163 | D:5      | Reached skill level 6 in Earth Magic
  6163 | D:5      | Reached XP level 8. HP: 25/41 MP: 9/16
  6792 | D:5      | Acquired a staff of conjuration
  6843 | D:5      | Reached skill level 6 in Spellcasting
  6951 | D:5      | Found a staircase to the Ecumenical Temple.
  6963 | Temple   | Entered the Ecumenical Temple
  7145 | D:5      | Reached skill level 6 in Conjurations
  7271 | D:5      | HP: 3/41 [wyvern zombie (5)]
  7594 | D:5      | Found a glowing silver altar of Zin.
  8058 | D:6      | Reached skill level 7 in Earth Magic
  8064 | D:6      | Reached skill level 7 in Conjurations
  8157 | D:6      | Found an ornate altar of the Wu Jian Council.
  8282 | D:6      | Reached XP level 9. HP: 44/45 MP: 15/19
  8323 | D:6      | Reached skill level 7 in Spellcasting
  8730 | D:6      | Noticed Duvessa
  8984 | D:6      | Noticed Dowan
  8987 | D:6      | Killed Dowan
  9237 | D:6      | Reached skill level 8 in Conjurations
  9674 | D:6      | Found Ziacal's General Store.
  9719 | D:6      | Bought a potion of brilliance for 40 gold pieces
  9719 | D:6      | Bought a potion of heal wounds for 50 gold pieces
  9719 | D:6      | Bought a ring of resist corrosion for 200 gold pieces
  9818 | D:7      | Found Mezxif's Book Shop.
  9978 | D:7      | Noticed Menkaure
  9981 | D:7      | Killed Menkaure
 10083 | D:7      | Noticed Joseph
 10102 | D:7      | Killed Joseph
 10103 | D:7      | Reached skill level 8 in Spellcasting
 10103 | D:7      | Reached skill level 8 in Earth Magic
 10673 | D:7      | Noticed Pikel
 10679 | D:7      | Killed Pikel
 10680 | D:7      | Reached skill level 9 in Conjurations
 10680 | D:7      | Reached XP level 10. HP: 50/50 MP: 21/22
 10726 | D:7      | Found a basalt altar of Yredelemnul.
 10731 | D:7      | Found a shadowy altar of Dithmenos.
 10738 | D:7      | Found a radiant altar of Vehumet.
 10746 | D:7      | Became a worshipper of Vehumet
 11305 | D:8      | Noticed a four-headed hydra
 11313 | D:8      | Killed a four-headed hydra
 11314 | D:8      | Reached skill level 9 in Spellcasting
 11314 | D:8      | Reached skill level 10 in Conjurations
 11320 | D:8      | Learned a level 5 spell: Bolt of Magma
 11452 | D:8      | Learned a level 5 spell: Iskenderun's Battlesphere
 11492 | D:8      | Reached skill level 9 in Earth Magic
 11574 | D:8      | Reached skill level 1 in Fire Magic
 11782 | D:8      | Reached skill level 2 in Fire Magic
 12035 | D:8      | Reached skill level 3 in Fire Magic
 12055 | D:8      | Learned a level 1 spell: Magic Dart
 12328 | D:8      | Identified the +1 falchion of Zoleoj {antimagic, rCorr
                  | Stlth+}
 12461 | D:8      | Found a hide-covered altar of Uskayaw.
 12461 | D:8      | Found an opulent altar of Gozag.
 12514 | D:8      | Reached * piety under Vehumet
 12514 | D:8      | Offered knowledge of Freeze by Vehumet.
 12995 | D:9      | Reached XP level 11. HP: 54/54 MP: 24/24
 13093 | D:9      | Reached skill level 4 in Fire Magic
 13170 | D:9      | Noticed a death knight
 13179 | D:9      | Killed a death knight
 13180 | D:9      | Reached skill level 10 in Spellcasting
 13886 | D:9      | Noticed a purple ugly thing
 13886 | D:9      | Noticed an eight-headed hydra
 13893 | D:9      | Killed an eight-headed hydra
 13894 | D:9      | Reached skill level 5 in Fire Magic
 14010 | D:9      | Killed a purple ugly thing
 14166 | D:9      | Found a staircase to the Lair.
 14263 | D:10     | Entered Level 10 of the Dungeon
 14280 | D:10     | Found an ancient bone altar of Kikubaaqudgha.
 14422 | D:10     | Found Ygrap's Book Emporium.
 14443 | D:10     | Reached skill level 10 in Earth Magic
 14642 | D:10     | Found a snail-covered altar of Cheibriados.
 14653 | D:10     | Found a runed translucent door.
 14654 | D:10     | Noticed MeltyBlood's ghost (journeyman DDNe)
 14716 | D:10     | Killed MeltyBlood's ghost
 14947 | D:10     | Found a staircase to the Orcish Mines.
 15018 | D:10     | Reached skill level 6 in Fire Magic
 15182 | D:10     | Reached ** piety under Vehumet
 15182 | D:10     | Offered knowledge of Poisonous Vapours by Vehumet.
 15368 | D:10     | Learned a level 6 spell: Iron Shot
 15379 | D:10     | Noticed a two-headed ogre
 15380 | D:10     | Noticed a two-headed ogre
 15389 | D:10     | Killed a two-headed ogre
 15617 | D:10     | Killed a two-headed ogre
 15618 | D:10     | Reached skill level 11 in Conjurations
 15680 | D:10     | Acquired a +0 helmet of intelligence
 16013 | D:10     | Found a hazy altar of Hepliaklqana.
 16103 | D:10     | Reached XP level 12. HP: 52/59 MP: 24/26
 16149 | D:10     | Reached skill level 11 in Spellcasting
 16512 | D:11     | Offered knowledge of Inner Flame by Vehumet.
 16599 | D:11     | Got the Almanac of Gliding Conjuration
 16606 | D:11     | Learned a level 5 spell: Lee's Rapid Deconstruction
 16768 | D:11     | Identified a potion of resistance
 16831 | D:11     | Reached skill level 7 in Fire Magic
 17045 | D:11     | Found a glowing golden altar of the Shining One.
 17397 | D:11     | Found a portal to a secret trove of treasure.
 17441 | D:12     | Noticed a two-headed ogre
 17444 | D:12     | Killed a two-headed ogre
 17460 | D:12     | Noticed a two-headed ogre
 17463 | D:12     | Killed a two-headed ogre
 17610 | D:12     | Identified the +6 chain mail of Spring Thaw {rF+ Regen+
                  | Int-3}
 17643 | D:12     | Noticed a four-headed hydra
 17647 | D:12     | Killed a four-headed hydra
 17733 | D:12     | Reached *** piety under Vehumet
 17735 | D:12     | Reached skill level 8 in Fire Magic
 17735 | D:12     | Reached skill level 11 in Earth Magic
 17853 | D:12     | Noticed a two-headed ogre
 17860 | D:12     | Killed a two-headed ogre
 17864 | D:12     | Offered knowledge of Sticky Flame by Vehumet.
 18427 | Lair:1   | Entered Level 1 of the Lair of Beasts
 18731 | Lair:1   | Noticed a five-headed hydra
 18734 | Lair:1   | Killed a five-headed hydra
 18735 | Lair:1   | Reached skill level 12 in Spellcasting
 18973 | Lair:1   | Reached skill level 12 in Conjurations
 18981 | Lair:1   | Reached XP level 13. HP: 63/63 MP: 20/29
 18995 | Lair:1   | Reached **** piety under Vehumet
 19575 | Lair:2   | Offered knowledge of Conjure Flame by Vehumet.
 19579 | Lair:2   | Reached skill level 12 in Earth Magic
 19592 | Lair:2   | Reached skill level 9 in Fire Magic
 21340 | Lair:3   | Reached ***** piety under Vehumet
 21397 | Lair:3   | Offered knowledge of Freezing Cloud by Vehumet.
 21523 | Lair:3   | Found a staircase to the Snake Pit.
 21787 | Lair:3   | Found a staircase to the Swamp.
 21834 | Lair:3   | Reached skill level 13 in Conjurations
 21850 | Lair:3   | Reached skill level 13 in Earth Magic
 21852 | Lair:3   | Noticed Snorg
 21857 | Lair:3   | Killed Snorg
 22591 | Lair:4   | Gained mutation: Your large and strong wings let you fly.
                  | [Gargoyle growth]
 22591 | Lair:4   | Reached XP level 14. HP: 68/68 MP: 30/30
 22750 | Lair:4   | Reached skill level 13 in Spellcasting
 23127 | Lair:4   | Acquired 702 gold pieces
 23264 | Lair:4   | Noticed Nessos
 23267 | Lair:4   | Killed Nessos
 23386 | Lair:5   | Noticed Kirke
 23390 | Lair:5   | Killed Kirke
 23974 | Lair:5   | Reached skill level 10 in Fire Magic
 24337 | Lair:5   | Reached skill level 14 in Earth Magic
 24446 | Lair:5   | Found a runed translucent gate.
 24446 | Lair:5   | Found a runed translucent gate.
 24446 | Lair:5   | Found a runed translucent gate.
 24447 | Lair:5   | Noticed Kaofid's ghost (journeyman GrEE)
 24490 | Lair:5   | Reached skill level 14 in Conjurations
 24616 | Lair:5   | Learned a level 9 spell: Shatter
 25061 | Lair:5   | Killed Kaofid's ghost
 25214 | Lair:6   | Entered Level 6 of the Lair of Beasts
 25214 | Lair:6   | Noticed MrNoob's ghost (journeyman MiBe)
 25214 | Lair:6   | Found a runed translucent gate.
 25214 | Lair:6   | Found a runed translucent gate.
 25214 | Lair:6   | Found a runed translucent gate.
 25550 | Lair:5   | Learned a level 2 spell: Passwall
 25686 | Lair:6   | Found a staircase to the Slime Pits.
 25817 | Lair:6   | Identified the +5 ring mail of Recklessness {rC++ Will+}
 26199 | Lair:6   | Reached XP level 15. HP: 72/72 MP: 32/32
 26497 | Lair:6   | Reached skill level 14 in Spellcasting
 26736 | Lair:6   | Reached skill level 15 in Earth Magic
 26915 | Lair:6   | Reached skill level 1 in Armour
 26915 | Lair:6   | Reached skill level 1 in Shields
 26969 | Lair:6   | Reached skill level 2 in Armour
 26969 | Lair:6   | Reached skill level 2 in Shields
 28037 | Lair:6   | Killed MrNoob's ghost
 28332 | Orc:1    | Entered Level 1 of the Orcish Mines
 28384 | Orc:2    | Entered Level 2 of the Orcish Mines
 28394 | Orc:2    | Reached skill level 3 in Armour
 28394 | Orc:2    | Reached skill level 3 in Shields
 28784 | Orc:1    | Found Ohimajal's Assorted Antiques.
 28792 | Orc:1    | Bought a serpentine marble ring for 190 gold pieces
 28792 | Orc:1    | Identified the ring "Otenky" {AC+4 Dex+3} (You bought it in
                  | a shop on level 1 of the Orcish Mines)
 28792 | Orc:1    | Bought a scroll of silence for 285 gold pieces
 28792 | Orc:1    | Bought a potion of magic for 304 gold pieces
 28792 | Orc:1    | Bought a scroll of amnesia for 133 gold pieces
 29188 | Orc:2    | Found Xun Loiw's Weapon Shop.
 29297 | Orc:2    | Offered knowledge of Starburst by Vehumet.
 29302 | Orc:2    | Reached skill level 4 in Armour
 29398 | Orc:2    | Reached skill level 4 in Shields
 29853 | Orc:2    | Found a staircase to the Elven Halls.
 30554 | Orc:2    | Reached skill level 5 in Armour
 30993 | Orc:2    | Found Ugagaple's Distillery.
 30993 | Orc:2    | Found Xuve's Weapon Emporium.
 30994 | Orc:2    | Found Vekeh's Armour Emporium.
 30994 | Orc:2    | Found Foebyag's Magic Scroll Shoppe.
 31009 | Orc:2    | Bought a potion of haste for 140 gold pieces
 31009 | Orc:2    | Bought a potion of curing for 42 gold pieces
 31009 | Orc:2    | Bought a potion of mutation for 112 gold pieces
 31009 | Orc:2    | Bought a potion of curing for 42 gold pieces
 31009 | Orc:2    | Bought a potion of haste for 140 gold pieces
 31015 | Orc:2    | Bought a scroll of teleportation for 45 gold pieces
 31015 | Orc:2    | Bought a scroll of silence for 112 gold pieces
 31015 | Orc:2    | Bought a scroll of teleportation for 45 gold pieces
 31015 | Orc:2    | Bought a scroll of teleportation for 45 gold pieces
 31015 | Orc:2    | Bought a scroll of silence for 112 gold pieces
 31307 | Swamp:1  | Entered Level 1 of the Swamp
 31319 | Swamp:1  | Reached skill level 15 in Conjurations
 31452 | Swamp:1  | Gained mutation: You are dopey. (Int -2) [potion of
                  | mutation]
 31452 | Swamp:1  | Gained mutation: You are partially covered in iridescent
                  | scales. (AC +2) [potion of mutation]
 31452 | Swamp:1  | Gained mutation: You have a somewhat thin skeletal
                  | structure. (Dex +2, Stealth+) [potion of mutation]
 31453 | Swamp:1  | Lost mutation: You are partially covered in iridescent
                  | scales. (AC +2) [potion of mutation]
 31453 | Swamp:1  | Lost mutation: You are dopey. (Int -2) [potion of mutation]
 31453 | Swamp:1  | Gained mutation: You have very sharp teeth. [potion of
                  | mutation]
 31453 | Swamp:1  | Gained mutation: Your flesh is cold resistant. (rC+)
                  | [potion of mutation]
 31494 | Swamp:1  | Acquired 683 gold pieces
 31624 | Swamp:1  | Noticed Donald
 31641 | Swamp:1  | Killed Donald
 31642 | Swamp:1  | Reached skill level 6 in Armour
 31839 | Swamp:1  | Offered knowledge of Fireball by Vehumet.
 32033 | Swamp:1  | Learned a level 5 spell: Fireball
 32059 | Swamp:1  | Reached XP level 16. HP: 76/76 MP: 23/34
 32061 | Swamp:1  | Reached skill level 7 in Armour
 32477 | Swamp:2  | Reached skill level 16 in Earth Magic
 32564 | Swamp:2  | Noticed a fenstrider witch
 32567 | Swamp:2  | Killed a fenstrider witch
 33073 | Swamp:2  | Noticed Jorgrun
 33081 | Swamp:2  | Killed Jorgrun
 33082 | Swamp:2  | Reached skill level 8 in Armour
 33354 | Swamp:2  | Noticed a thorn hunter
 33357 | Swamp:2  | Killed a thorn hunter
 33743 | Swamp:3  | Reached skill level 1 in Fighting
 33910 | Swamp:3  | Reached skill level 2 in Fighting
 34551 | Swamp:3  | Reached skill level 3 in Fighting
 34758 | Swamp:4  | Entered Level 4 of the Swamp
 35141 | Swamp:4  | Offered knowledge of Irradiate by Vehumet.
 35142 | Swamp:4  | Reached skill level 4 in Fighting
 35142 | Swamp:4  | Reached skill level 17 in Earth Magic
 35435 | Swamp:4  | Reached skill level 5 in Fighting
 35587 | Swamp:4  | Reached XP level 17. HP: 84/92 MP: 12/35
 35930 | Swamp:4  | Reached skill level 6 in Fighting
 36099 | Swamp:4  | Got a decaying rune of Zot
 36780 | Elf:1    | Entered Level 1 of the Elven Halls
 36787 | Elf:1    | Reached skill level 16 in Conjurations
 36788 | Elf:1    | Reached skill level 15 in Spellcasting
 36940 | Elf:1    | Found Ysiebof's Antique Weapon Boutique.
 36943 | Elf:1    | Found Pakeaf's Distillery.
 36943 | Elf:1    | Found Cidimucu's Jewellery Shop.
 36946 | Elf:1    | Found Kitiof's Jewellery Shop.
 36951 | Elf:1    | Bought a potion of resistance for 130 gold pieces
 36951 | Elf:1    | Bought a potion of curing for 39 gold pieces
 36951 | Elf:1    | Bought a potion of curing for 39 gold pieces
 36951 | Elf:1    | Bought a potion of haste for 130 gold pieces
 36951 | Elf:1    | Bought a potion of haste for 130 gold pieces
 36956 | Elf:1    | Bought a ring of protection from cold for 400 gold pieces
 36959 | Elf:1    | Bought a ring of wizardry for 570 gold pieces
 37385 | Elf:1    | Reached skill level 7 in Fighting
 37564 | Elf:1    | Reached skill level 18 in Earth Magic
 37802 | Elf:1    | Paralysed by an air elemental for 1 turns
 38182 | Elf:1    | Identified Roxanne's Volume of the Rocks
 38182 | Elf:1    | Noticed Roxanne
 38187 | Elf:1    | Killed Roxanne
 38401 | Elf:2    | Found Fiudaorr's Weapon Shoppe.
 38574 | Elf:2    | Offered knowledge of Conjure Ball Lightning by Vehumet.
 38635 | Elf:2    | Noticed Saint Roka
 38948 | Elf:2    | Killed Saint Roka
 39354 | Elf:2    | Found a huge runed translucent gate.
 39354 | Elf:2    | Found a huge runed translucent gate.
 39354 | Elf:2    | Found a huge runed translucent gate.
 39354 | Elf:2    | Found a huge runed translucent gate.
 39354 | Elf:2    | Found a huge runed translucent gate.
 39575 | Elf:2    | Reached skill level 8 in Fighting
 39575 | Elf:2    | Reached XP level 18. HP: 103/103 MP: 36/37
 39720 | Elf:2    | Identified the +1 long sword "Dateroj" {speed, Dex+7}
 40221 | Elf:2    | Identified the +7 hunting sling of Kismet {speed, rF+ rC+
                  | SInv Stlth+}
 40961 | Elf:2    | Reached skill level 16 in Spellcasting
 40961 | Elf:2    | Reached skill level 19 in Earth Magic
 41143 | Elf:2    | Noticed a deep elf blademaster
 41154 | Elf:2    | Killed a deep elf blademaster
 41484 | Elf:2    | Reached ****** piety under Vehumet
 41497 | Elf:2    | Offered knowledge of Lightning Bolt by Vehumet.
 41645 | Elf:3    | Entered Level 3 of the Elven Halls
 41697 | Elf:3    | Found Rull's Antique Weapon Boutique.
 41727 | Elf:3    | Found Xeczal's Armour Shop.
 41826 | Elf:3    | Noticed a deep elf master archer
 41829 | Elf:3    | Killed a deep elf blademaster
 41830 | Elf:3    | Reached skill level 9 in Fighting
 41832 | Elf:3    | Killed a deep elf master archer
 42098 | Elf:3    | Identified the +2 leather armour "Vifokk" {Will+}
 42103 | Elf:3    | Reached skill level 17 in Conjurations
 42111 | Elf:3    | Noticed a deep elf master archer
 42114 | Elf:3    | Killed a deep elf master archer
 42407 | Elf:3    | Identified the amulet "Gepuor" {rElec Regen+ Int-5 Dex+4
                  | Stlth+}
 42414 | Elf:3    | Got the Almanac of Transmutation
 42466 | Elf:3    | Identified the amulet of the Visionary {Spirit *Slow +Inv
                  | Will+}
 42684 | Elf:3    | Identified the ring of Ziocsut {Str+4 SInv}
 42728 | Elf:3    | Identified the +11 quarterstaff of Death's Door {venom,
                  | rElec rPois}
 42729 | Elf:3    | Identified the ring "Boonay" {rC+ EV+4 SInv}
 42944 | Elf:3    | Reached XP level 19. HP: 104/110 MP: 38/39
 43299 | Elf:3    | Found Urghiazec's Weapon Emporium.
 43324 | Elf:3    | Found Waeciagi's Distillery.
 43574 | Elf:3    | Found Oselimua's Antique Armour Shoppe.
 43575 | Elf:3    | Bought a potion of heal wounds for 95 gold pieces
 43575 | Elf:3    | Bought a potion of resistance for 190 gold pieces
 43575 | Elf:3    | Bought a potion of mutation for 152 gold pieces
 43575 | Elf:3    | Bought a potion of invisibility for 152 gold pieces
 43575 | Elf:3    | Bought a potion of heal wounds for 95 gold pieces
 43581 | Elf:3    | Bought an opalescent robe for 182 gold pieces
 43581 | Elf:3    | Identified the +1 robe of Sikookly {rF+ Dex+6} (You bought
                  | it in a shop on level 3 of the Elven Halls)
 43581 | Elf:3    | Bought a jewelled leather armour for 224 gold pieces
 43581 | Elf:3    | Identified the +2 leather armour of Reason {Dex+4 Stlth+}
                  | (You bought it in a shop on level 3 of the Elven Halls)
 43595 | Elf:3    | Identified the +4 falchion "Muzyn" {holy, +Blink rF+++
                  | Str-5 SInv}
 43598 | Elf:3    | Reached skill level 20 in Earth Magic
 44318 | Snake:1  | Entered Level 1 of the Snake Pit
 44391 | Snake:1  | Noticed Aizul
 44398 | Snake:1  | Killed Aizul
 44491 | Snake:1  | Found Isucolef's Jewellery Boutique.
 44497 | Snake:1  | Found Iggeutz's Book Shoppe.
 44498 | Snake:1  | Found Wuezimif's Jewellery Boutique.
 44609 | Snake:1  | Reached skill level 5 in Shields
 44627 | Snake:1  | Reached skill level 6 in Shields
 44971 | Snake:1  | Noticed Frances
 44974 | Snake:1  | Killed Frances
 44975 | Snake:1  | Reached skill level 7 in Shields
 45345 | Snake:1  | Offered knowledge of Orb of Destruction by Vehumet.
 45450 | Snake:1  | Noticed Azrael
 45452 | Snake:1  | Killed Azrael
 45692 | Snake:1  | Reached skill level 8 in Shields
 46319 | Snake:2  | Found a stormy altar of Qazlal.
 46367 | Snake:2  | Reached skill level 9 in Shields
 47510 | Snake:3  | Reached skill level 10 in Shields
 47801 | Snake:3  | Identified the +1 chain mail "Erykuonunae" {rC+ rN+}
 48249 | Snake:3  | Reached skill level 11 in Shields
 49482 | Snake:4  | Entered Level 4 of the Snake Pit
 49563 | Snake:4  | Reached skill level 12 in Shields
 49622 | Snake:4  | Reached XP level 20. HP: 113/117 MP: 19/40
 50147 | Snake:4  | Reached skill level 13 in Shields
 50151 | Snake:4  | Offered knowledge of Fire Storm by Vehumet.
 50151 | Snake:4  | Offered knowledge of Polar Vortex by Vehumet.
 50151 | Snake:4  | Offered knowledge of Ignition by Vehumet.
 50720 | Snake:4  | Reached skill level 14 in Shields
 50725 | Snake:4  | Got a serpentine rune of Zot
 52263 | D:13     | Found a stormy altar of Qazlal.
 52283 | D:13     | Reached skill level 15 in Shields
 52288 | D:13     | Identified the +1 crystal plate armour of the Guardian
                  | {rPois rF+ Regen+ Int+8}
 54242 | D:14     | Reached skill level 17 in Spellcasting
 54252 | D:14     | Learned a level 9 spell: Fire Storm
 54434 | D:14     | Found a shimmering blue altar of Sif Muna.
 54575 | D:14     | Found a gate to the Vaults.
 54648 | Vaults:1 | Entered Level 1 of the Vaults
 55079 | Vaults:1 | Found Rophaduh's Weapon Shoppe.
 55151 | Vaults:1 | Reached XP level 21. HP: 113/121 MP: 42/42
 55530 | Vaults:1 | Reached skill level 18 in Conjurations
 56040 | Vaults:1 | Reached skill level 21 in Earth Magic
 56922 | Vaults:1 | Identified the +4 scale mail of Bomusu {Str+6 Int+6}
 56925 | Vaults:1 | Identified the +1 robe of Orthodoxy {Rampage rPois Will+
                  | Stlth+}
 56972 | Vaults:1 | Got the Catalogue of the Manifold Dreams
 56988 | Vaults:1 | Identified the +5 scythe "Giluceet" {venom, rElec MP+9}
 56989 | Vaults:1 | Identified the +0 leather armour "Fuputs" {Int+7}
 57228 | Vaults:2 | Noticed Margery
 57232 | Vaults:2 | Killed Margery
 57233 | Vaults:2 | Reached skill level 18 in Spellcasting
 57509 | D:11     | You paid a toll of a +4 demon whip to enter a treasure
                  | trove
 57510 | Trove    | Entered a treasure trove
 57544 | Trove    | Identified the amulet "Plog" {Spirit Rampage +Inv Will-}
 57853 | Vaults:2 | Reached XP level 22. HP: 127/127 MP: 40/44
 57910 | Vaults:2 | Reached skill level 19 in Conjurations
 58326 | Vaults:2 | Noticed Bai Suzhen
 58332 | Vaults:2 | Killed Bai Suzhen
 59357 | Vaults:2 | You are sucked into a shaft and drop 1 floor!
 59375 | Vaults:3 | Reached skill level 22 in Earth Magic
 60317 | Vaults:3 | Identified the +8 trident "Yjeushri" {vamp, rPois rF-
                  | Int+4}
 60445 | Vaults:3 | Reached skill level 1 in Transmutations
 60523 | Vaults:3 | Reached skill level 2 in Transmutations
 61019 | Vaults:3 | Found Qaatwon's Antique Weapon Shoppe.
 61054 | Vaults:3 | Found Jyawkyka's Weapon Boutique.
 61061 | Vaults:3 | Found Doxyck's General Store.
 61071 | Vaults:3 | Bought a potion of curing for 54 gold pieces
 61071 | Vaults:3 | Bought a potion of haste for 180 gold pieces
 61071 | Vaults:3 | Bought a scroll of teleportation for 54 gold pieces
 61105 | Vaults:3 | Identified the +6 short sword "Beetleslayer" {drain, Will+
                  | rCorr Str+4 Dex-3}
 61861 | Vaults:2 | Reached XP level 23. HP: 132/132 MP: 45/45
 61862 | Vaults:2 | Reached skill level 3 in Transmutations
 61885 | Vaults:2 | Found a staircase to the Crypt.
 61891 | Vaults:2 | Reached skill level 20 in Conjurations
 62302 | Vaults:3 | Reached skill level 19 in Spellcasting
 62749 | Vaults:3 | Learned a level 3 spell: Swiftness
 62840 | Vaults:3 | Reached skill level 4 in Transmutations
 63186 | Vaults:4 | Found Sameriuh's Assorted Antiques.
 63194 | Vaults:4 | Bought a potion of haste for 350 gold pieces
 63194 | Vaults:4 | Bought a scroll of fear for 122 gold pieces
 63194 | Vaults:4 | Bought 2 potions of curing for 210 gold pieces
 63194 | Vaults:4 | Bought a wand of iceblast (11) for 140 gold pieces
 63194 | Vaults:4 | Bought a scroll of immolation for 122 gold pieces
 63194 | Vaults:4 | Bought a scroll labelled UKHLOEXK INAFOOMEO for 35 gold
                  | pieces
 63194 | Vaults:4 | Bought a wand of flame (13) for 35 gold pieces
 63230 | Vaults:3 | Bought the +2 pair of gloves of Exceptional Joy {+Inv
                  | Str+3} for 626 gold pieces
 63363 | Vaults:4 | Noticed Boris
 63367 | Vaults:4 | Killed Boris
 63434 | Vaults:4 | Reached skill level 23 in Earth Magic
 63580 | Vaults:4 | Found Zacuogol's Armour Emporium.
 63802 | Vaults:4 | Reached skill level 5 in Transmutations
 64618 | Vaults:4 | Found Yshiqihy's Armour Boutique.
 64777 | Vaults:5 | Entered Level 5 of the Vaults
 64780 | Vaults:5 | Reached skill level 6 in Transmutations
 64790 | Vaults:5 | Reached XP level 24. HP: 136/136 MP: 46/46
 64805 | Vaults:5 | Reached skill level 21 in Conjurations
 64805 | Vaults:5 | Reached skill level 7 in Transmutations
 64995 | Vaults:5 | Reached skill level 8 in Transmutations
 64998 | Vaults:5 | Identified the amulet "Roarym" {Reflect Int+4 SH+5}
 65000 | Vaults:5 | Reached skill level 20 in Spellcasting
 65002 | Vaults:5 | Reached skill level 24 in Earth Magic
 65038 | Vaults:5 | Noticed an ancient lich
 65041 | Vaults:5 | Killed an ancient lich
 65701 | Vaults:5 | Identified the +11 whip "Mumm" {flame, rPois rC- Str+3
                  | Int-3 Dex+4}
 65785 | Vaults:5 | Found the +3 Elemental Staff {rElec rF++ rC++ Will++ AC+5}
 65803 | Vaults:5 | Got the Volume of Poisoning and the Snowflakes
 65869 | Vaults:5 | Identified the ring "Vuseanta" {AC+4 Int+4 Slay+2}
 66004 | Vaults:5 | Got a silver rune of Zot
 66872 | D:15     | Entered Level 15 of the Dungeon
 66910 | D:15     | Reached skill level 9 in Transmutations
 67005 | D:15     | Found a frozen archway.
 67012 | IceCv    | Entered an ice cave
 67331 | IceCv    | Found an ancient bone altar of Kikubaaqudgha.
 67335 | IceCv    | Reached XP level 25. HP: 141/141 MP: 47/47
 67434 | IceCv    | Identified a +2 leather armour of resistance
 67701 | IceCv    | Identified the ring of Fuhioh {rN+ Dex+7}
 67997 | D:15     | Found a staircase to the Depths.
 68157 | D:15     | Found a transporter.
 68158 | D:15     | Noticed Vuirau's ghost (journeyman DsGl)
 68164 | D:15     | Found a transporter.
 68171 | D:15     | Killed Vuirau's ghost
 68759 | Depths:1 | Entered Level 1 of the Depths
 68819 | Depths:1 | Found Konn's Changing Room.
 68840 | Depths:1 | Bought a potion of mutation for 184 gold pieces
 68840 | Depths:1 | Bought a potion of mutation for 184 gold pieces
 68840 | Depths:1 | Bought 2 potions of mutation for 368 gold pieces
 68844 | Depths:1 | Lost mutation: You have a somewhat thin skeletal structure.
                  | (Dex +2, Stealth+) [potion of mutation]
 68844 | Depths:1 | Lost mutation: Your flesh is cold resistant. (rC+) [potion
                  | of mutation]
 68844 | Depths:1 | Gained mutation: Your movements are slightly less
                  | encumbered by armour. (ER -2) [potion of mutation]
 68844 | Depths:1 | Gained mutation: You are occasionally teleported next to
                  | monsters. [potion of mutation]
 68844 | Depths:1 | Gained mutation: You have a pair of small antennae on your
                  | head. [potion of mutation]
 68845 | Depths:1 | Lost mutation: You are occasionally teleported next to
                  | monsters. [potion of mutation]
 68845 | Depths:1 | Lost mutation: You have a pair of small antennae on your
                  | head. [potion of mutation]
 68845 | Depths:1 | Gained mutation: You sometimes lose the ability to read
                  | scrolls when taking damage. [potion of mutation]
 68845 | Depths:1 | Gained mutation: You passively dampen the noise of your
                  | surroundings. [potion of mutation]
 68846 | Depths:1 | Lost mutation: You sometimes lose the ability to read
                  | scrolls when taking damage. [potion of mutation]
 68846 | Depths:1 | Lost mutation: You passively dampen the noise of your
                  | surroundings. [potion of mutation]
 68846 | Depths:1 | Gained mutation: Your body sometimes deteriorates upon
                  | taking damage. [potion of mutation]
 68846 | Depths:1 | Gained mutation: You are partially covered in iridescent
                  | scales. (AC +2) [potion of mutation]
 68847 | Depths:1 | Lost mutation: You are partially covered in iridescent
                  | scales. (AC +2) [potion of mutation]
 68847 | Depths:1 | Lost mutation: You have very sharp teeth. [potion of
                  | mutation]
 68847 | Depths:1 | Gained mutation: You are frail. (-10% HP) [potion of
                  | mutation]
 68848 | Depths:1 | Lost mutation: You are frail. (-10% HP) [potion of
                  | mutation]
 68848 | Depths:1 | Lost mutation: Your body sometimes deteriorates upon taking
                  | damage. [potion of mutation]
 68848 | Depths:1 | Gained mutation: You have sharp toenails. [potion of
                  | mutation]
 68848 | Depths:1 | Gained mutation: You have razor-sharp toenails. [potion of
                  | mutation]
 68855 | Depths:1 | Lost mutation: You have razor-sharp toenails. [potion of
                  | mutation]
 68855 | Depths:1 | Gained mutation: You are agile. (Dex +2) [potion of
                  | mutation]
 68855 | Depths:1 | Gained mutation: Your flesh is heat resistant. (rF+)
                  | [potion of mutation]
 68855 | Depths:1 | Gained mutation: Your spells are a little harder to cast,
                  | but a little more powerful. [potion of mutation]
 68912 | Depths:1 | Reached skill level 22 in Conjurations
 69298 | Depths:1 | Found a gateway to Hell.
 69596 | Depths:1 | Reached skill level 10 in Transmutations
 70031 | Depths:2 | Identified the +11 whip "Botu" {flame, rF+ Str+4}
 70204 | Depths:2 | Reached skill level 25 in Earth Magic
 70615 | Depths:2 | Noticed a juggernaut
 70620 | Depths:2 | Killed a juggernaut
 70645 | Depths:2 | Identified the +8 battleaxe of Hatred {freeze, rC+ Stlth+}
 70652 | Depths:2 | Reached skill level 21 in Spellcasting
 70681 | Depths:2 | Noticed a caustic shrike
 70685 | Depths:2 | Killed a caustic shrike
 70720 | Depths:2 | Noticed Asterion
 70776 | Depths:2 | Killed Asterion
 70781 | Depths:2 | Reached XP level 26. HP: 115/147 MP: 10/48
 70993 | Depths:2 | Reached skill level 11 in Transmutations
 71236 | Depths:2 | Noticed a caustic shrike
 71239 | Depths:2 | Killed a caustic shrike
 71353 | Depths:2 | Found a blossoming altar of Fedhas.
 71358 | Depths:2 | Found a broken altar of Ashenzari.
 71360 | Depths:2 | Found a snail-covered altar of Cheibriados.
 71799 | Depths:3 | Found Kyemoq's Armour Shoppe.
 71946 | Depths:3 | Found a one-way gate to the infinite horrors of the Abyss.
 71950 | Depths:3 | Reached skill level 23 in Conjurations
 72389 | Depths:3 | Learned a level 1 spell: Apportation
 72733 | Depths:3 | Found a one-way gate leading to the halls of Pandemonium.
 72781 | Depths:3 | Found a gateway to a ziggurat.
 72849 | Depths:3 | Identified the +5 gold dragon scales of Imperfection {Harm
                  | rElec rPois rF+ rC+ rN++ Int-4}
 72856 | Depths:3 | Reached skill level 26 in Earth Magic
 73732 | Depths:4 | Got the Papyrus of Evil Magic
 73832 | Depths:4 | Reached XP level 27. HP: 126/151 MP: 48/48
 73979 | Depths:4 | Identified the +8 battleaxe "Possoaru" {protect, rElec
                  | Int+2 Stlth+} (You took it off a deep elf sorcerer on level
                  | 4 of the Depths)
 74070 | Depths:4 | Reached skill level 22 in Spellcasting
 74405 | Depths:4 | Reached skill level 24 in Conjurations
 75018 | Depths:5 | Entered Level 5 of the Depths
 75241 | Depths:5 | Noticed a juggernaut
 75249 | Depths:5 | Killed a juggernaut
 75458 | Depths:5 | Found a gate to the Realm of Zot.
 75624 | Depths:5 | Reached skill level 27 in Earth Magic
 76038 | Depths:5 | Learned a level 7 spell: Spellforged Servitor
 76752 | Slime:1  | Entered Level 1 of the Pits of Slime
 77159 | Slime:3  | Reached skill level 11 in Fire Magic
 77608 | Slime:5  | Entered Level 5 of the Pits of Slime
 77638 | Slime:5  | Noticed the Royal Jelly
 77646 | Slime:5  | Killed the Royal Jelly
 77994 | Slime:5  | Reached skill level 25 in Conjurations
 78099 | Slime:5  | Reached skill level 12 in Fire Magic
 78218 | Slime:5  | Identified the ring "Tutoll" {Wiz Contam Str+4}
 78220 | Slime:5  | Found the +3 pair of gauntlets of War {Slay+5}
 78224 | Slime:5  | Found the +0 mask of the Dragon {Will+ Slay+3 SInv}
 78297 | Slime:5  | Got a slimy rune of Zot
 78307 | Slime:5  | Identified the +6 rapier of True Grit {vorpal, MP+9}
 78333 | Slime:5  | Identified the +0 robe of Juxzue Sapi {rF+}
 78894 | Hell     | Entered the Vestibule of Hell
 78895 | Hell     | Noticed Geryon
 78898 | Hell     | Killed Geryon
 78899 | Hell     | Reached skill level 23 in Spellcasting
 78917 | Hell     | Noticed Murray
 78919 | Hell     | Killed Murray
 79286 | Hell     | Found a gateway to the ashen valley of Gehenna.
 79326 | Hell     | Found a gateway to the decaying netherworld of Tartarus.
 79369 | Hell     | Found a gateway to the freezing wastes of Cocytus.
 79485 | Hell     | Found a gateway to the Iron City of Dis.
 79683 | Geh:1    | Entered Level 1 of Gehenna
 79714 | Geh:1    | Reached skill level 13 in Fire Magic
 79715 | Geh:1    | Reached skill level 10 in Fighting
 80953 | Geh:2    | Identified a +0 robe of the Archmagi
 81349 | Geh:3    | Reached skill level 11 in Fighting
 81408 | Geh:3    | Reached skill level 26 in Conjurations
 81521 | Geh:3    | You are sucked into a shaft and drop 2 floors!
 81895 | Geh:5    | Reached skill level 24 in Spellcasting
 82433 | Geh:7    | Entered Level 7 of Gehenna
 82651 | Geh:7    | Reached skill level 12 in Fighting
 83575 | Geh:7    | Found the +7 sceptre of Asmodeus
 83575 | Geh:7    | Noticed Asmodeus
 83580 | Geh:7    | Killed Asmodeus
 83682 | Geh:7    | Reached skill level 27 in Conjurations
 83758 | Geh:7    | Got an obsidian rune of Zot
 84101 | Dis:1    | Entered Level 1 of the Iron City of Dis
 84128 | Dis:3    | Reached skill level 13 in Fighting
 84269 | Dis:3    | Reached skill level 14 in Fire Magic
 84545 | Dis:7    | Entered Level 7 of the Iron City of Dis
 85073 | Dis:7    | Reached skill level 25 in Spellcasting
 85457 | Dis:7    | Reached skill level 15 in Fire Magic
 85536 | Dis:7    | Identified the +7 fustibalus of Victory {freeze, rElec rF-
                  | Int+4}
 85537 | Dis:7    | Identified the amulet "Usymeb" {RegenMP Str+7}
 85704 | Dis:7    | Reached skill level 14 in Fighting
 86265 | Dis:7    | Found the +4 staff of Dispater
 86265 | Dis:7    | Noticed Dispater
 86366 | Dis:7    | Reached skill level 16 in Fire Magic
 86569 | Dis:7    | Identified the ring "Sipruotasa" {Fire Str+3 Dex+3}
 86583 | Dis:7    | Killed Dispater
 86898 | Dis:7    | Identified the ring of Pyir {Fire rN+ Int+5 Stlth+}
 86901 | Dis:7    | Got an iron rune of Zot
 87658 | Coc:1    | Entered Level 1 of Cocytus
 88207 | Coc:7    | Entered Level 7 of Cocytus
 88280 | Coc:7    | Reached skill level 15 in Fighting
 88288 | Coc:7    | Noticed the Serpent of Hell
 88293 | Coc:7    | Killed the Serpent of Hell
 88309 | Coc:7    | Reached skill level 17 in Fire Magic
 88328 | Coc:7    | Reached skill level 26 in Spellcasting
 88763 | Coc:7    | Learned a level 8 spell: Ignition
 89072 | Coc:7    | Reached skill level 18 in Fire Magic
 89347 | Coc:7    | Reached skill level 16 in Fighting
 89566 | Coc:7    | Identified the +2 leather armour "Erpheotof" {rElec rC+
                  | Str+4}
 89663 | Coc:7    | Noticed Antaeus
 89670 | Coc:7    | Killed Antaeus
 89779 | Coc:7    | Got an icy rune of Zot
 90004 | Tar:1    | Entered Level 1 of Tartarus
 90241 | Tar:3    | You are sucked into a shaft and drop 3 floors!
 90258 | Tar:6    | Reached skill level 19 in Fire Magic
 90473 | Tar:6    | Found a shadowy altar of Dithmenos.
 90502 | Tar:7    | Entered Level 7 of Tartarus
 90691 | Tar:7    | Noticed an ancient lich
 90695 | Tar:7    | Killed an ancient lich
 90699 | Tar:7    | Reached skill level 27 in Spellcasting
 90709 | Tar:7    | Reached skill level 17 in Fighting
 91126 | Tar:7    | Noticed a dread lich
 91129 | Tar:7    | Killed a dread lich
 91233 | Tar:7    | Reached skill level 20 in Fire Magic
 91520 | Tar:7    | Noticed Ereshkigal
 91523 | Tar:7    | Killed Ereshkigal
 91588 | Tar:7    | Got a bone rune of Zot
 91692 | Tar:7    | Identified the +3 great sword of Cowardice {venom, rC-
                  | Str+7 Dex+3}
 91798 | Tar:7    | Reached skill level 18 in Fighting
 91801 | Tar:7    | Reached skill level 21 in Fire Magic
 91927 | Tar:7    | Got the Reference Book on Conjuration
 91959 | Tar:7    | Identified the ring of Cheibriados's Fury {Wiz rElec rF-
                  | Dex+7}
 92643 | Crypt:1  | Entered Level 1 of the Crypt
 92671 | Crypt:1  | Noticed Boris
 92672 | Crypt:1  | Killed Boris
 93457 | Crypt:2  | Reached skill level 22 in Fire Magic
 93493 | Crypt:2  | Reached skill level 19 in Fighting
 93810 | Crypt:3  | Entered Level 3 of the Crypt
 94406 | Crypt:3  | Identified the ring "Qydeguaco" {rElec rC- rN+ Str+3 Dex+5}
 94440 | Crypt:3  | Identified the ring "Hucoj" {rPois rN+ rCorr SInv Stlth-}
 94451 | Crypt:3  | Reached skill level 23 in Fire Magic
 94617 | Crypt:3  | Found an ancient bone altar of Kikubaaqudgha.
 94621 | Crypt:3  | Found a basalt altar of Yredelemnul.
 94646 | Crypt:3  | Got Borgnjor's Papyrus of Unholy Rites
 94648 | Crypt:3  | Got Sif Muna's Volume of Igneous Clay
 94649 | Crypt:3  | Identified the ring "Potzepuj" {rN+ rCorr Str+4 Dex-4}
 94759 | Crypt:3  | Noticed a dread lich
 94760 | Crypt:3  | Killed a dread lich
 95081 | Crypt:3  | Found a staircase to the Tomb.
 95090 | Tomb:1   | Entered Level 1 of the Tomb of the Ancients
 95174 | Tomb:1   | Noticed a royal mummy
 95176 | Tomb:1   | Reached skill level 20 in Fighting
 95176 | Tomb:1   | Killed a royal mummy
 95566 | Tomb:1   | Noticed a royal mummy
 95602 | Tomb:1   | Killed a royal mummy
 95974 | Tomb:2   | Noticed a royal mummy
 95975 | Tomb:2   | Noticed a royal mummy
 95976 | Tomb:2   | Noticed a royal mummy
 95976 | Tomb:2   | Noticed a royal mummy
 95978 | Tomb:2   | Killed a royal mummy
 95981 | Tomb:2   | Killed a royal mummy
 95981 | Tomb:2   | Killed a royal mummy
 95982 | Tomb:2   | Reached skill level 24 in Fire Magic
 95982 | Tomb:2   | Killed a royal mummy
 97118 | Tomb:3   | Entered Level 3 of the Tomb of the Ancients
 97149 | Tomb:3   | Noticed a royal mummy
 97152 | Tomb:3   | Killed a royal mummy
 97152 | Tomb:3   | Killed a royal mummy
 97153 | Tomb:3   | Reached skill level 21 in Fighting
 97162 | Tomb:3   | Noticed a royal mummy
 97164 | Tomb:3   | Killed a royal mummy
 97169 | Tomb:3   | Noticed a royal mummy
 97170 | Tomb:3   | Killed a royal mummy
 97170 | Tomb:3   | Noticed a royal mummy
 97172 | Tomb:3   | Killed a royal mummy
 97173 | Tomb:3   | Reached skill level 25 in Fire Magic
 97174 | Tomb:3   | Noticed a royal mummy
 97176 | Tomb:3   | Noticed a royal mummy
 97178 | Tomb:3   | Noticed a royal mummy
 97179 | Tomb:3   | Killed a royal mummy
 97179 | Tomb:3   | Killed a royal mummy
 97183 | Tomb:3   | Killed a royal mummy
 97184 | Tomb:3   | Noticed a royal mummy
 97186 | Tomb:3   | Killed a royal mummy
 97498 | Tomb:3   | Found the +3 giant club "Skullcrusher" {speed, Str+7}
 97590 | Tomb:3   | Identified the +6 chain mail of Infinity {Dex+2}
 97628 | Tomb:3   | Identified the +3 falchion "Grim" {vorpal, MP+9}
 97839 | Tomb:3   | Got a golden rune of Zot
 98237 | Tomb:1   | Noticed Boris
 98240 | Tomb:1   | Killed Boris
 98293 | Tomb:1   | Noticed a royal mummy
 98294 | Tomb:1   | Noticed a royal mummy
 98295 | Tomb:1   | Lost mutation: You are agile. (Dex +2) [a neqoxec]
 98302 | Tomb:1   | Noticed a royal mummy
 99768 | Depths:4 | Voluntarily entered the Abyss.
 99827 | Abyss:1  | Found an opulent altar of Gozag.
 99835 | Abyss:3  | Found a corrupted altar of Lugonu.
 99883 | Abyss:3  | Identified the +9 hunting sling "Jocvots" {freeze, rElec
                  | rPois Will+}
100007 | Abyss:3  | Gained mutation: You are strong-willed. (Will+) [a neqoxec]
100136 | Abyss:3  | Found a corrupted altar of Lugonu.
100171 | Abyss:5  | Entered Level 5 of the Abyss
100265 | Depths:4 | You pass through the gate.
100265 | Depths:4 | Escaped the Abyss
100360 | Depths:4 | Voluntarily entered the Abyss.
100436 | Abyss:1  | Noticed an ancient lich
100439 | Abyss:1  | Killed an ancient lich
100561 | Abyss:1  | Reached skill level 26 in Fire Magic
100701 | Abyss:1  | Reached skill level 22 in Fighting
100774 | Abyss:2  | Found a corrupted altar of Lugonu.
100807 | Abyss:2  | Acquired the Volume of Hurtful Clay
100815 | Abyss:2  | Learned a level 5 spell: Borgnjor's Vile Clutch
100959 | Abyss:3  | Identified the +4 chain mail "Fustritt" {-Cast Str+3 SInv}
101153 | Abyss:3  | Gained mutation: Your body sometimes deteriorates upon
                  | taking damage. [a neqoxec]
101180 | Abyss:3  | Paralysed by an air elemental for 1 turns
101189 | Abyss:3  | Paralysed by an air elemental for 1 turns
101208 | Abyss:3  | Paralysed by an air elemental for 1 turns
102027 | Abyss:4  | Found a corrupted altar of Lugonu.
102168 | Abyss:4  | Identified the +1 leather armour of the Leaf {Int+2}
102616 | Depths:4 | You pass through the gate.
102616 | Depths:4 | Escaped the Abyss
102952 | Pan      | Entered Pandemonium
102964 | Pan      | Acquired 845 gold pieces
103023 | Pan      | Reached skill level 27 in Fire Magic
103059 | Pan      | Reached skill level 1 in Evocations
103068 | Pan      | Found an exit through the horrors of the Abyss.
103082 | Pan      | Reached skill level 2 in Evocations
103082 | Pan      | Noticed Vina the pandemonium lord
103093 | Pan      | Killed Vina the pandemonium lord
103094 | Pan      | Reached skill level 3 in Evocations
103096 | Pan      | Gained mutation: You occasionally shout uncontrollably at
                  | your foes. [a neqoxec]
103098 | Pan      | Lost mutation: Your flesh is heat resistant. (rF+) [potion
                  | of mutation]
103098 | Pan      | Lost mutation: You occasionally shout uncontrollably at
                  | your foes. [potion of mutation]
103098 | Pan      | Gained mutation: Armour fits poorly on your strangely
                  | shaped body. [potion of mutation]
103098 | Pan      | Gained mutation: You passively map a small area around you.
                  | [potion of mutation]
103098 | Pan      | Gained mutation: You evolve. [potion of mutation]
103099 | Pan      | Lost mutation: You evolve. [potion of mutation]
103099 | Pan      | Lost mutation: Armour fits poorly on your strangely shaped
                  | body. [potion of mutation]
103099 | Pan      | Gained mutation: You are clumsy. (Dex -2) [potion of
                  | mutation]
103099 | Pan      | Gained mutation: You passively dampen the noise of your
                  | surroundings. [potion of mutation]
103099 | Pan      | Gained mutation: You possess an exceptional clarity of
                  | mind. [potion of mutation]
103555 | Pan      | Reached skill level 9 in Armour
103583 | Pan      | Lost mutation: Your spells are a little harder to cast, but
                  | a little more powerful. [potion of mutation]
103583 | Pan      | Lost mutation: Your body sometimes deteriorates upon taking
                  | damage. [potion of mutation]
103583 | Pan      | Lost mutation: You are clumsy. (Dex -2) [potion of
                  | mutation]
103637 | Pan      | Reached skill level 23 in Fighting
103639 | Pan      | Reached skill level 4 in Evocations
103640 | Pan      | Noticed Mennas
103643 | Pan      | Killed Mennas
103795 | Pan      | Reached skill level 5 in Evocations
104241 | Pan      | Reached skill level 6 in Evocations
104271 | Pan      | Reached skill level 10 in Armour
104271 | Pan      | Killed Sangix the pandemonium lord
104368 | Pan      | Got a demonic rune of Zot
104426 | Pan      | Reached skill level 7 in Evocations
104520 | Pan      | Found a glowing silver altar of Zin.
104963 | Pan      | Reached skill level 8 in Evocations
105128 | Pan      | Found a white marble altar of Elyvilon.
105271 | Pan      | Reached skill level 11 in Armour
105346 | Pan      | Identified +0 pearl dragon scales
105431 | Pan      | Reached skill level 9 in Evocations
106226 | Pan      | Reached skill level 10 in Evocations
106333 | Pan      | Identified the +0 tower shield of the Playwright {rC+}
106514 | Pan      | Reached skill level 12 in Armour
107046 | Pan      | Reached skill level 11 in Evocations
107380 | Pan      | Reached skill level 24 in Fighting
107469 | Pan      | Learned a level 8 spell: Lehudib's Crystal Spear
107858 | Pan      | Identified the +5 chain mail of Death Resistance {rC++
                  | Dex+2 Stlth-}
107858 | Pan      | Noticed a seraph
107861 | Pan      | Killed a seraph
107862 | Pan      | Identified +2 pearl dragon scales
107863 | Pan      | Identified the +0 buckler of Maproat {rN+++ rCorr Str-2
                  | SInv}
107867 | Pan      | Reached skill level 12 in Evocations
107870 | Pan      | Identified the +1 battleaxe of Kismet {flame, rC++ MP-9
                  | Dex+6}
107874 | Pan      | Found a glowing golden altar of the Shining One.
107888 | Pan      | Identified the +5 hunting sling of Intimidation {flame,
                  | rC+}
107905 | Pan      | Identified the +2 morningstar of Baoril {drain, Str+7}
108006 | Pan      | Reached skill level 13 in Armour
108263 | Pan      | Found an exit through the horrors of the Abyss.
108304 | Pan      | Entered the realm of Gloorx Vloq.
108304 | Pan      | Noticed a curse skull
108305 | Pan      | Killed a curse skull
108305 | Pan      | Noticed Gloorx Vloq
108305 | Pan      | Noticed a curse skull
108307 | Pan      | Killed a curse skull
108308 | Pan      | Killed Gloorx Vloq
108309 | Pan      | Reached skill level 13 in Evocations
108489 | Pan      | Got a dark rune of Zot
108591 | Pan      | Reached skill level 14 in Evocations
108914 | Pan      | Entered the realm of Lom Lobon.
108919 | Pan      | Found an exit through the horrors of the Abyss.
109155 | Pan      | Noticed Lom Lobon
109158 | Pan      | Killed Lom Lobon
109159 | Pan      | Reached skill level 14 in Armour
109159 | Pan      | Reached skill level 15 in Evocations
109214 | Pan      | Got a magical rune of Zot
109399 | Pan      | Noticed Famump the pandemonium lord
109405 | Pan      | Killed Famump the pandemonium lord
109495 | Pan      | Found a runed translucent door.
109505 | Pan      | Reached skill level 16 in Evocations
109656 | Pan      | Noticed Otzezi the pandemonium lord
109659 | Pan      | Killed Otzezi the pandemonium lord
109860 | Pan      | Found an exit through the horrors of the Abyss.
109885 | Pan      | Noticed Hyore the pandemonium lord
109888 | Pan      | Killed Hyore the pandemonium lord
109889 | Pan      | Reached skill level 25 in Fighting
110118 | Pan      | Reached skill level 15 in Armour
110279 | Pan      | Reached skill level 17 in Evocations
110911 | Pan      | Gained mutation: You sometimes lose the ability to read
                  | scrolls when taking damage. [a cacodemon]
110914 | Pan      | Lost mutation: You sometimes lose the ability to read
                  | scrolls when taking damage. [potion of mutation]
110914 | Pan      | Lost mutation: You have sharp toenails. [potion of
                  | mutation]
110914 | Pan      | Lost mutation: You passively map a small area around you.
                  | [potion of mutation]
110914 | Pan      | Gained mutation: Your mind is acute. (Int +2) [potion of
                  | mutation]
110914 | Pan      | Gained mutation: You occasionally shout uncontrollably at
                  | your foes. [potion of mutation]
110914 | Pan      | Gained mutation: Your spells are a little easier to cast,
                  | but a little less powerful. [potion of mutation]
110915 | Pan      | Lost mutation: Your mind is acute. (Int +2) [potion of
                  | mutation]
110915 | Pan      | Lost mutation: You are strong-willed. (Will+) [potion of
                  | mutation]
110915 | Pan      | Gained mutation: Your flesh is heat resistant. (rF+)
                  | [potion of mutation]
110915 | Pan      | Gained mutation: You are clumsy. (Dex -2) [potion of
                  | mutation]
110915 | Pan      | Gained mutation: Your magical capacity is low. (-10% MP)
                  | [potion of mutation]
110915 | Pan      | Gained mutation: You have very sharp teeth. [potion of
                  | mutation]
110916 | Pan      | Lost mutation: You occasionally shout uncontrollably at
                  | your foes. [potion of mutation]
110916 | Pan      | Lost mutation: You possess an exceptional clarity of mind.
                  | [potion of mutation]
110916 | Pan      | Lost mutation: Your spells are a little easier to cast, but
                  | a little less powerful. [potion of mutation]
110916 | Pan      | Gained mutation: Your body sometimes deteriorates upon
                  | taking damage. [potion of mutation]
110917 | Pan      | Lost mutation: Your magical capacity is low. (-10% MP)
                  | [potion of mutation]
110917 | Pan      | Lost mutation: Your body sometimes deteriorates upon taking
                  | damage. [potion of mutation]
110917 | Pan      | Gained mutation: You tend to lose your temper in combat.
                  | [potion of mutation]
110917 | Pan      | Gained mutation: You are strong-willed. (Will+) [potion of
                  | mutation]
110918 | Pan      | Lost mutation: You passively dampen the noise of your
                  | surroundings. [potion of mutation]
110918 | Pan      | Lost mutation: You are clumsy. (Dex -2) [potion of
                  | mutation]
110918 | Pan      | Lost mutation: You tend to lose your temper in combat.
                  | [potion of mutation]
110918 | Pan      | Gained mutation: You have a pair of small horns on your
                  | head. [potion of mutation]
110918 | Pan      | Gained mutation: You have extremely sharp teeth. [potion of
                  | mutation]
110919 | Pan      | Lost mutation: You are strong-willed. (Will+) [potion of
                  | mutation]
110919 | Pan      | Lost mutation: You have a pair of small horns on your head.
                  | [potion of mutation]
110919 | Pan      | Gained mutation: You sometimes lose the ability to read
                  | scrolls when taking damage. [potion of mutation]
110948 | Pan      | Found an exit through the horrors of the Abyss.
110951 | Pan      | Gained mutation: You are weak. (Str -2) [a neqoxec]
110976 | Pan      | Entered the realm of Mnoleg.
111321 | Pan      | Gained mutation: You are clumsy. (Dex -2) [a neqoxec]
111323 | Pan      | Noticed Mnoleg
111327 | Pan      | Killed Mnoleg
111337 | Pan      | Reached skill level 18 in Evocations
111343 | Pan      | Got a glowing rune of Zot
111345 | Pan      | Reached skill level 16 in Armour
111465 | Pan      | Entered the realm of Cerebov.
111737 | Pan      | Identified the ring "Lumuplem" {rElec rC+ rCorr Int-2}
112001 | Pan      | Identified the +0 robe "Wadieggya" {Harm Will+ Dex+4}
112003 | Pan      | Got Jodic's Collected Works on the Enchanting Escort
112107 | Pan      | Found the +6 sword of Cerebov {flame}
112107 | Pan      | Noticed Cerebov
112146 | Pan      | HP: 16/193 [balrug/fireball[Cerebov] (9)]
112147 | Pan      | Killed from afar by Cerebov

Vanquished Creatures
  Antaeus (Coc:7)
  Ereshkigal (Tar:7)
  the Royal Jelly (Slime:5)
  Asmodeus (Geh:7)
  Gloorx Vloq (Pan)
  A seraph (Pan)
  the Serpent of Hell (Coc:7)
  Lom Lobon (Pan)
  Mnoleg (Pan)
  2 dread liches
  Dispater (Dis:7)
  3 ancient liches
  Mennas (Pan)
  2 juggernauts
  15 royal mummies
  Bai Suzhen (Vaults:2)
  Boris (thrice) (Vaults:4 Crypt:1 Tomb:1)
  13 shard shrikes (Coc:7)
  Saint Roka (Elf:2)
  Margery (Vaults:2)
  Geryon (Hell)
  2 caustic shrikes (Depths:2)
  5 pandemonium lords (Pan)
  3 golden dragons
  2 profane servitors
  A doom hound (Tar:6)
  7 bone dragons
  2 pearl dragons (Pan)
  19 Brimstone Fiends
  22 Tzitzimimeh
  Jorgrun (Swamp:2)
  5 iron giants (Dis:7)
  22 Ice Fiends
  5 tentacled monstrosities
  10 Hell Sentinels
  Asterion (Depths:2)
  21 liches
  A quicksilver dragon (Abyss:4)
  3 titans
  2 deep elf master archers (Elf:3)
  3 deep elf blademasters
  Murray (Hell)
  16 acid blobs
  Kirke (Lair:5)
  A kraken (Abyss:3)
  22 Executioners
  15 sphinxes
  22 ancient champions
  Frances (Snake:1)
  9 tentacled starspawn
  A draconian monk (Abyss:3)
  5 tengu reavers
  8 storm dragons
  A thorn hunter (Swamp:2)
  7 revenants
  14 shadow dragons
  Roxanne (Elf:1)
  4 nagarajas
  Donald (Swamp:1)
  20 daevas
  A draconian knight (Depths:5)
  6 rockslimes
  A fenstrider witch (Swamp:2)
  23 frost giants
  9 azure jellies
  3 orc warlords
  15 fire giants
  8 deep elf sorcerers
  A warmonger (Pan)
  18 vault wardens
  20 cacodemons
  2 curse skulls (Pan)
  33 angels (Pan)
  4 deep elf elementalists
  28 balrugs
  Aizul (Snake:1)
  9 iron dragons
  A draconian annihilator (Depths:5)
  20 ironbound preservers
  20 ghouls
  A ghost moth (Abyss:3)
  26 stone giants
  9 quicksilver oozes
  5 blood saints (Pan)
  6 spriggan defenders
  2 bennus (Tomb:3)
  39 very ugly things
  A juggernaut skeleton (Crypt:2)
  5 war gargoyles
  46 reapers
  The ghost of MrNoob the Protected, a journeyman MiBe of Trog (Lair:6)
  Nessos (Lair:4)
  A lorocyproca (Dis:7)
  2 black suns (Pan)
  A green draconian (Depths:5)
  20 ophanim
  2 corrupters (Pan)
  10 deep elf demonologists
  12 starcursed masses
  22 vampire knights
  3 yellow draconians (Depths:5)
  3 elemental wellsprings
  6 spark wasps (Depths:4)
  5 bunyips
  33 apis (Pan)
  3 dire elephants
  3 red draconians
  11 deep elf annihilators
  Azrael (Snake:1)
  3 entropy weavers
  The ghost of Kaofid the Geomancer, a journeyman GrEE of Vehumet (Lair:5)
  7 fire dragons
  Snorg (Lair:3)
  An eleionoma (Swamp:1)
  15 green deaths (Pan)
  10 deep elf death magi
  3 eidola
  22 mummy priests
  19 blizzard demons
  26 ettins
  3 crystal guardians
  5 quicksilver dragon zombies
  The ghost of Vuirau the Carver, a journeyman DsGl of Okawaru (D:15)
  9 deep elf high priests
  16 jiangshi
  A merfolk impaler (Depths:4)
  20 yaktaur captains
  24 great orbs of eyes
  6 quicksilver dragon skeletons
  13 rakshasas
  58 vault guards
  A boulder beetle (D:13)
  A kraken zombie (Coc:7)
  The ghost of MeltyBlood the Quickloader, a journeyman DDNe of Makhleb (D:10)
  A shambling mangrove (Swamp:3)
  23 ice dragons
  3 caustic shrike simulacra (IceCv)
  10 naga warriors
  8 ironbound frosthearts
  6 ironbound thunderhulks
  36 hydras
  A hell beast (Depths:3)
  8 centaur warriors
  9 spriggan air magi
  An ogre mage (Vaults:5)
  A salamander tyrant (Snake:3)
  3 peacekeepers
  12 two-headed ogres
  6 death knights
  2 ghost crabs
  14 anacondas
  12 vampire magi
  11 deep troll shamans
  35 dancing weapons
  29 death scarabs
  17 deep troll earth magi
  7 alligators
  5 titan zombies
  9 spriggan berserkers
  36 hell hogs
  56 hell knights
  3 ironbound beastmasters
  7 tengu warriors
  6 orc high priests (Orc:2)
  17 naga sharpshooters
  37 sun demons
  4 storm dragon zombies
  9 thrashing horrors
  9 shock serpents
  32 soul eaters
  25 shadow wraiths
  3 titan skeletons
  9 wretched stars
  An iron golem (Dis:7)
  22 iron trolls
  17 deep elf knights
  2 fire crabs
  69 skeletal warriors
  3 spatial maelstroms
  A fire crab (shapeshifter) (D:14)
  5 gelid demonspawn (Pan)
  5 goliath frogs
  11 anaconda zombies
  2 torturous demonspawn (Pan)
  26 sixfirhies
  4 storm dragon skeletons
  A ghost moth zombie (Geh:5)
  A sea snake (shapeshifter) (D:15)
  12 flayed ghosts
  21 cherubim (Pan)
  5 salamander mystics
  13 shadow demons
  6 spriggan druids
  A quicksilver dragon simulacrum (Coc:7)
  A golden dragon skeleton (Geh:2)
  59 deep trolls
  3 naga ritualists
  2 death drakes (Tar:7)
  Pikel (D:7)
  4 golden dragon zombies
  3 anaconda skeletons
  4 infernal demonspawn (Pan)
  A deep troll (shapeshifter) (Depths:2)
  An obsidian statue (IceCv)
  18 wizards
  9 shadow dragon zombies
  10 bog bodies
  11 deep elf archers
  7 glowing orange brains
  10 swamp dragons
  11 necromancers
  7 wolf spider zombies
  31 ironbound convokers
  4 harpies (Vaults:3)
  9 lindwurms
  A shining eye (shapeshifter) (Vaults:5)
  14 orc knights
  A wolf spider (D:15)
  21 phantasmal warriors
  An orb spider (shapeshifter) (D:14)
  2 harpies (shapeshifter)
  35 deep elf pyromancers
  28 deep elf zephyrmancers
  7 mana vipers
  7 stone giant zombies
  4 shining eyes
  A wolf spider (shapeshifter) (Depths:3)
  8 cyclopes
  53 ugly things
  3 iron dragon zombies
  2 oklob plants (Lair:3)
  4 will-o-the-wisps
  2 orc sorcerers
  5 fire giant skeletons
  6 fire giant zombies
  2 worldbinders
  8 frost giant zombies
  5 shadow dragon skeletons
  2 manticores (D:13)
  3 iron dragon skeletons
  16 salamanders
  35 black mambas
  7 stone giant skeletons
  4 frost giant skeletons
  Joseph (D:7)
  13 elephants
  A titan simulacrum (Coc:7)
  3 shock serpent zombies
  17 rust devils
  4 dire elephant zombies
  8 molten gargoyles
  An eleionoma skeleton (Crypt:2)
  15 naga magi
  18 vault sentinels
  An apocalypse crab (Abyss:4)
  44 smoke demons
  4 eyes of devastation
  7 guardian serpents
  20 orange demons
  2 gargoyles
  2 storm dragon simulacra
  2 guardian serpents (shapeshifter)
  An emperor scorpion zombie (Geh:3)
  An alligator snapping turtle zombie (Crypt:2)
  A red draconian zombie (Crypt:3)
  51 hellions
  2 unseen horrors
  4 dire elephant skeletons
  17 cane toads
  2 kobold demonologists
  6 efreet
  11 demonic crawlers
  40 yaktaurs
  A rime drake (Lair:6)
  A sea snake zombie (Hell)
  5 anaconda simulacra
  7 komodo dragons
  A shock serpent skeleton (Crypt:2)
  40 freezing wraiths
  29 tormentors
  A catoblepas zombie (Geh:7)
  An elf (Vaults:4)
  A minotaur skeleton (Tar:7)
  12 hellwings (Pan)
  10 ancient zymes
  49 guardian mummies
  2 tengu conjurers (Depths:3)
  38 red devils
  35 ice devils
  A jumping spider (Vaults:1)
  A golden dragon simulacrum (IceCv)
  A catoblepas skeleton (Geh:7)
  14 hydra zombies
  A wind drake (shapeshifter) (Vaults:1)
  6 meliai
  2 jumping spiders (shapeshifter)
  2 harpy zombies (Dis:7)
  9 trolls
  7 polar bears
  21 hornets
  A sea snake skeleton (Hell)
  2 harpy skeletons
  A raiju (shapeshifter) (Vaults:5)
  7 tyrant leeches
  5 bloated husks
  5 ice dragon zombies
  25 blink frogs
  3 hydra skeletons
  15 raiju
  45 large abominations
  4 alligator zombies
  5 ettin zombies
  A dream sheep (Lair:6)
  An iron dragon simulacrum (Tomb:2)
  5 fire dragon zombies
  78 slime creatures
  A snapping turtle (shapeshifter) (Vaults:3)
  98 flying skulls
  2 fire giant simulacra
  57 shadows
  A stone giant simulacrum (Crypt:3)
  5 air elementals
  3 spriggan simulacra (IceCv)
  A wind drake zombie (Crypt:1)
  2 ettin skeletons
  3 redbacks
  A tarantella (Vaults:1)
  4 alligator skeletons
  5 fire dragon skeletons
  2 black mamba zombies
  6 vampires
  26 spriggans
  8 water elementals
  24 ynoxinuls
  2 hogs (shapeshifter)
  24 wraiths
  3 black mamba skeletons
  4 wyverns
  5 basilisks
  7 fire bats
  18 ushabtiu
  4 dire elephant simulacra
  58 yaks
  13 chaos spawn
  4 ice dragon skeletons
  A golden eye (shapeshifter) (Depths:4)
  20 fire elementals
  A human (Vaults:4)
  3 steam dragons
  7 hogs (Lair:5)
  23 neqoxecs
  3 golden eyes (Slime:1)
  9 vampire mosquitoes
  Menkaure (D:7)
  4 harpy simulacra (IceCv)
  31 nagas
  9 spatial vortices
  7 cane toad zombies
  3 wargs
  16 swamp worms
  A naga (shapeshifter) (Elf:2)
  An acid dragon (shapeshifter) (Elf:3)
  14 water moccasins
  3 acid dragons
  4 floating eyes
  5 hydra simulacra
  68 hell hounds
  35 orc warriors
  3 cane toad skeletons
  6 swamp drakes (Swamp:4)
  5 ice beasts
  2 manticore zombies
  A monstrous demonspawn skeleton (Crypt:3)
  3 swamp dragon zombies
  A sky beast (shapeshifter) (Vaults:1)
  A swamp drake (shapeshifter) (Vaults:3)
  5 black bears
  3 ettin simulacra
  14 ogres
  An alligator simulacrum (IceCv)
  4 snapping turtle zombies
  A black mamba simulacrum (Coc:7)
  24 centaurs
  30 necrophages
  7 boggarts
  A swamp dragon skeleton (Coc:7)
  37 wolves
  A manticore skeleton (Coc:7)
  6 phantoms
  7 kobold brigands
  A hog skeleton (Crypt:2)
  A komodo dragon zombie (Crypt:1)
  5 snapping turtle skeletons
  An elf zombie (Crypt:3)
  A gnoll sergeant (D:10)
  3 earth elementals
  13 bullfrogs
  A cyclops zombie (Crypt:3)
  A salamander skeleton (Crypt:3)
  A palentonga skeleton (Crypt:1)
  8 scorpions
  A wyvern zombie (D:5)
  2 deep troll simulacra (IceCv)
  A water moccasin zombie (D:6)
  Dowan (D:6)
  10 killer bees
  18 small abominations
  A spriggan zombie (Crypt:3)
  3 troll zombies
  A water moccasin skeleton (D:5)
  59 wights
  3 lindwurm simulacra (IceCv)
  A yak skeleton (Crypt:3)
  2 electric eels (D:6)
  4 howler monkeys
  A wolf zombie (Crypt:2)
  4 centaur zombies
  17 crimson imps
  2 human zombies
  A jelly (shapeshifter) (Depths:5)
  3 quasits
  2 wolf skeletons
  3 centaur skeletons
  3 hounds
  32 orc priests
  3 bullfrog skeletons
  23 iron imps
  An iguana (shapeshifter) (Elf:3)
  Natasha (D:2)
  A human skeleton (Tar:7)
  6 iguanas
  23 orc wizards
  6 hell rats (Hell)
  A centaur simulacrum (Abyss:3)
  A naga zombie (Dis:7)
  7 ogre zombies
  A naga skeleton (Tar:7)
  A tengu skeleton (Geh:7)
  2 ogre skeletons
  36 mummies
  2 howler monkey zombies
  8 gnolls
  A howler monkey skeleton (Crypt:1)
  16 adders
  7 river rats
  14 shadow imps
  7 white imps
  3 ufetubi
  An adder skeleton (D:4)
  A worm (D:3)
  2 dart slugs
  81 orcs
  4 endoplasms
  4 giant cockroaches
  5 goblins
  3 hobgoblins
  4 jackals (D:2)
  3 quokkas
  16 ball pythons
  9 bats
  3 frilled lizards
  2 goblin skeletons (D:10)
  3 goblin zombies (D:10)
  4 hobgoblin skeletons (D:10)
  4 hobgoblin zombies (D:10)
  37 kobolds
  A kobold skeleton (Tar:7)
  A kobold zombie (Geh:3)
  An orc skeleton (D:10)
  12 orc zombies
  25 rats
  2 ball lightnings (Pan)
  3 fire vortices
  2 lurking horrors
4591 creatures vanquished.

Vanquished Creatures (collateral kills)
  A hellephant (Pan)
  An acid blob (Slime:3)
  A frost giant (Vaults:1)
  An azure jelly (Slime:5)
  2 vault wardens (Vaults:2)
  A ghoul (Crypt:3)
  2 quicksilver oozes
  An ironbound preserver (Vaults:2)
  A very ugly thing (Abyss:4)
  An apis (Pan)
  A blizzard demon (Pan)
  A centaur warrior (Vaults:1)
  A death scarab (Tomb:3)
  An ironbound beastmaster (Vaults:1)
  An entropy weaver zombie (Crypt:2)
  A sixfirhy (Pan)
  A deep troll (Vaults:1)
  2 ironbound convokers (Vaults:1)
  A shining eye (Slime:2)
  A vault sentinel (Vaults:2)
  A hellion (Pan)
  A guardian mummy (Tomb:3)
  3 slime creatures
  A wraith (Crypt:1)
  2 small abominations (Abyss:4)
  A crimson imp (Abyss:4)
  6 mummies
  A shadow imp (Tar:6)
  An ufetubus (Abyss:4)
40 creatures vanquished.

Vanquished Creatures (others)
  A wizard (Pan)
  A smoke demon (Pan)
  A hellwing (Pan)
  A centaur simulacrum (D:13)
  An iron imp (Dis:7)
  A ball lightning (Pan)
  A bush (Lair:2)
  318 fire vortices
  14 foxfires
  67 fungi
  161 plants
  4 starspawn tentacles
571 creatures vanquished.

Grand Total: 5202 creatures vanquished

Table legend: (Time is in decaauts)
 A = Elapsed time spent in this place.
 B = Non-inter-level travel time spent in this place.
 C = Inter-level travel time spent in this place.
 D = Time resting spent in this place.
 E = Time spent auto-exploring this place.
 F = Levels seen in this place.
 G = Mean time per level.
                   A        B        C        D        E       F      G
               +--------+--------+--------+--------+--------+-----+--------+
         Total | 112157 | 105558 |   6599 |  45037 |  35755 | 110 | 1019.6 |
       Dungeon |  22855 |  20482 |   2373 |   6201 |  11247 |  15 | 1523.7 |
        Temple |    123 |    114 |      9 |      0 |    113 |   1 |  123.0 |
          Lair |  10484 |   9583 |    901 |   3708 |   4469 |   6 | 1747.3 |
         Swamp |   5288 |   5053 |    235 |   2295 |   2082 |   4 | 1322.0 |
     Snake Pit |   7415 |   7139 |    276 |   2694 |   3398 |   4 | 1853.8 |
    Slime Pits |   1627 |   1627 |      0 |   1165 |      0 |   5 |  325.4 |
  Orcish Mines |   2923 |   2732 |    191 |   1424 |    789 |   2 | 1461.5 |
   Elven Halls |   7303 |   7150 |    153 |   3185 |   2607 |   3 | 2434.3 |
        Vaults |  12556 |  11398 |   1158 |   4984 |   4053 |   5 | 2511.2 |
         Crypt |   2610 |   2517 |     93 |   1388 |    184 |   3 |  870.0 |
          Tomb |   3288 |   3260 |     28 |   1405 |    414 |   3 | 1096.0 |
        Depths |   8940 |   7943 |    997 |   2044 |   4422 |   5 | 1788.0 |
          Hell |   1060 |    881 |    179 |    359 |    304 |   1 | 1060.0 |
           Dis |   2947 |   2947 |      0 |   1885 |      5 |   7 |  421.0 |
       Gehenna |   4294 |   4294 |      0 |   2692 |      1 |   6 |  715.7 |
       Cocytus |   2318 |   2318 |      0 |   1594 |      0 |   7 |  331.1 |
      Tartarus |   2215 |   2215 |      0 |   1141 |     30 |   5 |  443.0 |
         Abyss |   2754 |   2754 |      0 |   1018 |     28 |   9 |  306.0 |
   Pandemonium |   9171 |   9171 |      0 |   4918 |   1083 |  16 |  573.2 |
         Trove |     85 |     85 |      0 |      0 |     35 |   1 |   85.0 |
         Sewer |   1002 |   1002 |      0 |    474 |    250 |   1 | 1002.0 |
      Ice Cave |    891 |    891 |      0 |    461 |    239 |   1 |  891.0 |
               +--------+--------+--------+--------+--------+-----+--------+

Top non-repeatable levels by time:
Vaults:2: 3067 daAuts
Vaults:1: 2897 daAuts
Vaults:3: 2864 daAuts
   Elf:2: 2810 daAuts
  Lair:6: 2710 daAuts
   Dis:7: 2505 daAuts
   Elf:3: 2422 daAuts
    D:10: 2403 daAuts
  Lair:5: 2181 daAuts
 Snake:4: 2154 daAuts
 Swamp:3: 2076 daAuts
Depths:4: 2076 daAuts
   Elf:1: 2070 daAuts
   Orc:2: 2034 daAuts
 Snake:3: 2031 daAuts

Table legend:
 A = Non-vault XP
 B = Vault XP
 C = Vault XP percentage of total XP
 D = Non-vault monster count
 E = Vault monster count
 F = Vault count percentage of total count
                 A         B        C        D         E       F
            +---------+---------+-------+---------+---------+-------
      Total | 1765240 | 1780664 |  50.2 |    2816 |    1781 |  38.7
            +---------+---------+-------+---------+---------+-------
        D:1 |      18 |       0 |   0.0 |      12 |       0 |   0.0
        D:2 |      93 |      35 |  27.3 |      16 |       1 |   5.9
        D:3 |     224 |       0 |   0.0 |      21 |       0 |   0.0
        D:4 |     156 |      47 |  23.2 |      19 |       8 |  29.6
        D:5 |    1120 |       0 |   0.0 |      27 |       0 |   0.0
        D:6 |    1307 |      72 |   5.2 |      34 |       1 |   2.9
        D:7 |     793 |    1347 |  62.9 |      26 |       3 |  10.3
        D:8 |    3052 |     298 |   8.9 |      23 |       9 |  28.1
        D:9 |    1205 |    2994 |  71.3 |       6 |      14 |  70.0
       D:10 |    3310 |    2166 |  39.6 |      15 |      40 |  72.7
       D:11 |    1527 |       0 |   0.0 |       7 |       0 |   0.0
       D:12 |    6676 |    1065 |  13.8 |      20 |       2 |   9.1
       D:13 |    7338 |   10863 |  59.7 |      22 |      23 |  51.1
       D:14 |   10772 |    8080 |  42.9 |      22 |      10 |  31.2
       D:15 |   10110 |    9456 |  48.3 |      30 |      12 |  28.6
     Lair:1 |    5617 |       0 |   0.0 |      23 |       0 |   0.0
     Lair:2 |    6844 |       0 |   0.0 |      28 |       0 |   0.0
     Lair:3 |    5661 |    5507 |  49.3 |      25 |      12 |  32.4
     Lair:4 |    5616 |    1773 |  24.0 |      17 |       3 |  15.0
     Lair:5 |   10264 |    6564 |  39.0 |      33 |      12 |  26.7
     Lair:6 |   12027 |    9490 |  44.1 |      45 |      49 |  52.1
    Swamp:1 |   16016 |    1963 |  10.9 |      31 |       1 |   3.1
    Swamp:2 |   14176 |    3278 |  18.8 |      21 |       1 |   4.5
    Swamp:3 |   14363 |     956 |   6.2 |      22 |       1 |   4.3
    Swamp:4 |   11631 |   16996 |  59.4 |      18 |      25 |  58.1
    Snake:1 |   12805 |    8870 |  40.9 |      26 |      16 |  38.1
    Snake:2 |   13807 |       0 |   0.0 |      23 |       0 |   0.0
    Snake:3 |   26030 |       0 |   0.0 |      39 |       0 |   0.0
    Snake:4 |   13515 |   31506 |  70.0 |      27 |      45 |  62.5
    Slime:1 |   14825 |       0 |   0.0 |      24 |       0 |   0.0
    Slime:2 |    8555 |       0 |   0.0 |      15 |       0 |   0.0
    Slime:3 |   15460 |       0 |   0.0 |      20 |       0 |   0.0
    Slime:5 |    6683 |   41244 |  86.1 |      12 |      16 |  57.1
      Orc:1 |    1291 |     126 |   8.9 |      20 |       3 |  13.0
      Orc:2 |    3932 |   10547 |  72.8 |      41 |      59 |  59.0
      Elf:1 |   21793 |    8477 |  28.0 |      32 |      11 |  25.6
      Elf:2 |   25085 |   31561 |  55.7 |      37 |      37 |  50.0
      Elf:3 |   18392 |   36146 |  66.3 |      27 |      24 |  47.1
   Vaults:1 |   34032 |   58533 |  63.2 |      48 |      59 |  55.1
   Vaults:2 |   29437 |   44668 |  60.3 |      47 |      47 |  50.0
   Vaults:3 |   33031 |   58778 |  64.0 |      39 |      58 |  59.8
   Vaults:4 |   30363 |   28030 |  48.0 |      42 |      33 |  44.0
   Vaults:5 |   35259 |  124309 |  77.9 |      40 |      87 |  68.5
    Crypt:1 |   24850 |       0 |   0.0 |      27 |       0 |   0.0
    Crypt:2 |   37897 |    8936 |  19.1 |      48 |      11 |  18.6
    Crypt:3 |   31167 |   45722 |  59.5 |      31 |      42 |  57.5
     Tomb:1 |   13742 |   47829 |  77.7 |      35 |      29 |  45.3
     Tomb:2 |    2390 |   48014 |  95.3 |      13 |      52 |  80.0
     Tomb:3 |    4451 |   96160 |  95.6 |      12 |      78 |  86.7
   Depths:1 |   29903 |    6227 |  17.2 |      32 |      12 |  27.3
   Depths:2 |       0 |  119115 | 100.0 |       0 |      98 | 100.0
   Depths:3 |   37757 |   42877 |  53.2 |      39 |      30 |  43.5
   Depths:4 |   64028 |   30599 |  32.3 |      56 |      24 |  30.0
   Depths:5 |   47326 |   26307 |  35.7 |      42 |      19 |  31.1
       Hell |   16662 |   45162 |  73.0 |      29 |      54 |  65.1
      Dis:3 |   15139 |    1578 |   9.4 |      26 |       6 |  18.8
      Dis:5 |    6535 |       0 |   0.0 |      11 |       0 |   0.0
      Dis:6 |    2359 |       0 |   0.0 |       4 |       0 |   0.0
      Dis:7 |   68041 |  102518 |  60.1 |      93 |      78 |  45.6
      Geh:1 |   42506 |       0 |   0.0 |      91 |       0 |   0.0
      Geh:2 |   30250 |       0 |   0.0 |     100 |       0 |   0.0
      Geh:3 |   33868 |       0 |   0.0 |      68 |       0 |   0.0
      Geh:5 |   51360 |       0 |   0.0 |      87 |       0 |   0.0
      Geh:6 |    9661 |       0 |   0.0 |      10 |       0 |   0.0
      Geh:7 |   50952 |   51981 |  50.5 |      76 |      40 |  34.5
      Coc:1 |    9146 |       0 |   0.0 |      18 |       0 |   0.0
      Coc:2 |   10180 |       0 |   0.0 |      21 |       0 |   0.0
      Coc:3 |    7244 |       0 |   0.0 |       9 |       0 |   0.0
      Coc:5 |     693 |     758 |  52.2 |       3 |       1 |  25.0
      Coc:7 |  118284 |   73227 |  38.2 |      91 |      41 |  31.1
      Tar:1 |    8283 |       0 |   0.0 |      17 |       0 |   0.0
      Tar:2 |     444 |       0 |   0.0 |       2 |       0 |   0.0
      Tar:6 |    3572 |   28222 |  88.8 |       4 |      38 |  90.5
      Tar:7 |   52848 |  109866 |  67.5 |      89 |      80 |  47.3
    Abyss:1 |   24885 |    1611 |   6.1 |      22 |       2 |   8.3
    Abyss:2 |    2841 |       0 |   0.0 |       7 |       0 |   0.0
    Abyss:3 |   59547 |    5512 |   8.5 |      86 |       6 |   6.5
    Abyss:4 |   36378 |    6891 |  15.9 |      56 |      18 |  24.3
    Abyss:5 |   17006 |    2340 |  12.1 |      22 |       2 |   8.3
        Pan |  298834 |  292389 |  49.5 |     317 |     199 |  38.6
      Sewer |       0 |     352 | 100.0 |       0 |      48 | 100.0
      IceCv |       0 |   20726 | 100.0 |       0 |      51 | 100.0
            +---------+---------+-------+---------+---------+-------
